 Dungeon Crawl Stone Soup version 0.30-a0-1043-g60ff8d5f49 (webtiles) character file.

Game seed: 17541539981933955052

770602 scionoferis the Thanatomancer (level 27, -2/154 (156) HPs)
             Began as a Vine Stalker Brigand on Apr 6, 2023.
             Was a Believer of Uskayaw.
             Succumbed to an ushabti's dark miasma
             ... on level 2 of the Tomb of the Ancients on Apr 10, 2023.
             The game lasted 07:29:56 (84450 turns).

scionoferis the Thanatomancer (VSBr)               Turns: 84450, Time: 07:29:57

HP:   -2/154 (156)  AC: 27    Str: 32      XL:     27
MP:   0/36          EV: 25    Int:  9 (14) God:    Uskayaw [**....]
Gold: 4967          SH: 10    Dex: 29      Spells: 19/50 levels left

rFire   + + .      SeeInvis +      - Unarmed
rCold   . . .      Faith    +    J - +2 buckler {rC+}
rNeg    + . .      Spirit   +    I - +0 fire dragon scales
rPois   .          Reflect  .    z - +0 helmet of the Hidden Vale {Regen+ Str+2}
rElec   +          Rampage  +    c - scarf {repulsion}
rCorr   .                        Z - +2 pair of gloves {Str+3}
Will    +....                    R - +2 pair of boots {rampage}
Stlth   +++++                    O - amulet "Henkel" {Faith Dex+3}
HPRegen 2.05/turn                i - ring of Circularity {Wiz Will- Int+3 Dex+6 SInv}
MPRegen 0.25/turn                k - ring of Louroah {rN+ AC+4 Dex+3}

@: lethally poisoned (-2 -> -7), weak-willed, very slightly contaminated,
slowed, studying 5 skills, lightly drained, repel missiles, very slow
A: fangs 3, regeneration 1, magic shield, antimagic bite, no potion heal 2, low
MP 1, sense surroundings 1, electricity resistance, subdued magic 1
}: 5/15 runes: barnacled, slimy, silver, abyssal, gossamer
a: Renounce Religion, Stomp, Line Pass


You were on level 2 of the Tomb of the Ancients.
You worshipped Uskayaw.
Uskayaw was greatly pleased with you.
You visited 14 branches of the dungeon, and saw 58 of its levels.
You visited the Abyss 4 times.
You also visited: Trove, Bailey, Ice Cave and Wizlab.

You collected 12079 gold pieces.
You spent 7112 gold pieces at shops.


Innate Abilities, Weirdness & Mutations

You have razor-sharp teeth.
Your natural rate of healing is unusually fast.
When hurt, damage is shared between your health and your magic reserves.
Your bite disrupts and absorbs the magic of your enemies.
Potions cannot restore your health.
Your magical capacity is low. (-10% MP)
You passively map a small area around you.
You are resistant to electric shocks. (rElec)
Your spells are a little easier to cast, but a little less powerful.


   Skills:
 - Level 20.0 Fighting
 - Level 10.0 Short Blades
 - Level 10.0 Throwing
 * Level 17.8 Armour
 - Level 15.0 Dodging
 - Level 15.0 Stealth
 - Level 10.0 Shields
 - Level 20.0 Unarmed Combat
 + Level 12.3 Spellcasting
 * Level 21.2 Necromancy
 - Level 5.0 Translocations
 * Level 21.1 Transmutations
 - Level 5.0 Air Magic
 - Level 20.0 Invocations
 - Level 9.0 Evocations


You had 19 spell levels left.
You knew the following spells:

 Your Spells              Type           Power      Damage    Failure   Level
a - Wereblood             Tmut           33%        N/A       0%          2
b - Blade Hands           Tmut           16%        N/A       1%          5
c - Animate Dead          Necr           33%        N/A       0%          4
d - Necromutation         Tmut/Necr      16%        N/A       9%          8
e - Death Channel         Necr           16%        N/A       1%          6
f - Apportation           Tloc           22%        N/A       1%          1
g - Passwall              Tmut/Erth      15%        N/A       1%          2
h - Vhi's Electric Charg  Tloc/Air       22%        N/A       3%          3

Your spell library contained the following spells:

 Spells                   Type           Power      Damage    Failure   Level
 Beastly Appendage        Tmut           66%        N/A       0%          1
 Necrotise                Necr           100%       1d9       0%          1
 Sublimation of Blood     Necr           33%        N/A       0%          2
 Vampiric Draining        Necr           33%        2d8       0%          3
 Dispel Undead            Necr           33%        3d14      0%          4
 Cigotuvi's Dreadful Rot  Necr/Pois/Air  32%        N/A       1%          2
 Lesser Beckoning         Tloc           22%        N/A       1%          2
 Ignite Poison            Fire/Tmut/Pois 13%        N/A       1%          3
 Spider Form              Tmut/Pois      18%        N/A       1%          3
 Anguish                  Hex/Necr       9%         N/A       1%          4
 Petrify                  Tmut/Erth      18%        N/A       1%          4
 Agony                    Necr           33%        N/A       1%          5
 Dragon Form              Tmut           16%        N/A       1%          7
 Shock                    Conj/Air       28%        1d4       2%          1
 Alistair's Intoxication  Tmut/Pois      12%        N/A       2%          5
 Borgnjor's Vile Clutch   Necr/Erth      9%         N/A       2%          5
 Gell's Gravitas          Tloc           11%        N/A       3%          3
 Swiftness                Air            11%        N/A       3%          3
 Teleport Other           Tloc           11%        N/A       3%          3
 Foxfire                  Conj/Fire      16%        2x1d4     9%          1
 Magic Dart               Conj           16%        1d3       9%          1
 Slow                     Hex            16%        N/A       9%          1
 Summon Small Mammal      Summ           16%        N/A       9%          1
 Volatile Blastmotes      Fire/Tloc      14%        2d11      9%          3
 Airstrike                Air            5%         2d(1-17)  11%         4
 Call Imp                 Summ           8%         N/A       13%         2
 Scorch                   Fire           8%         2d5       13%         2
 Searing Ray              Conj           8%         2d4       13%         2
 Mephitic Cloud           Conj/Pois/Air  6%         N/A       13%         3
 Eringya's Noxious Bog    Tmut/Pois      9%         N/A       16%         6
 Simulacrum               Ice/Necr       9%         N/A       16%         6
 Statue Form              Tmut/Erth      12%        N/A       16%         6
 Call Canine Familiar     Summ           4%         N/A       26%         3
 Confusing Touch          Hex            4%         N/A       26%         3
 Dazzling Flash           Conj/Hex       8%         N/A       26%         3
 Inner Flame              Hex/Fire       4%         N/A       26%         3
 Ozocubu's Armour         Ice            4%         N/A       26%         3
 Stone Arrow              Conj/Erth      8%         3d7       26%         3
 Summon Guardian Golem    Hex/Summ       4%         N/A       26%         3
 Iskenderun's Mystic Bla  Conj/Tloc      7%         2d4       30%         4
 Animate Armour           Summ/Erth      8%         N/A       63%         4
 Flame Wave               Conj/Fire      4%         2d5       63%         4
 Fulminant Prism          Conj/Hex       2%         3d5       63%         4
 Sticky Flame             Conj/Fire      4%         2d3       63%         4
 Summon Ice Beast         Ice/Summ       4%         N/A       63%         4
 Arcjolt                  Conj/Air       3%         1d13      63%         5
 Silence                  Hex/Air        3%         N/A       63%         5
 Haunt                    Necr/Summ      9%         N/A       65%         7
 Freezing Cloud           Conj/Ice/Air   3%         6-21      73%         5
 Death's Door             Necr           16%        N/A       77%         9
 Dispersal                Tloc           5%         N/A       83%         6
 Fireball                 Conj/Fire      2%         3d4       91%         5
 Iskenderun's Battlesphe  Conj           4%         2d6       91%         5
 Lee's Rapid Deconstruct  Erth           2%         3d4*      91%         5
 Metabolic Englaciation   Hex/Ice        2%         N/A       91%         5
 Summon Mana Viper        Hex/Summ       4%         N/A       91%         5
 Conjure Ball Lightning   Conj/Air       3%         3x3d6     99%         6
 Plasma Beam              Fire/Air       3%         2x1d15    99%         6
 Iron Shot                Conj/Erth      2%         9d2       100%        6
 Starburst                Conj/Fire      2%         6d3       100%        6
 Summon Cactus Giant      Summ           2%         N/A       100%        6
 Enfeeble                 Hex            2%         N/A       100%        7
 Monstrous Menagerie      Summ           2%         N/A       100%        7
 Orb of Destruction       Conj           2%         9d5       100%        7
 Ozocubu's Refrigeration  Ice            2%         4d7       100%        7
 Spellforged Servitor     Conj/Summ      2%         N/A       100%        7
 Discord                  Hex            2%         N/A       100%        8
 Disjunction              Tloc           5%         N/A       100%        8
 Lehudib's Crystal Spear  Conj/Erth      2%         10d2      100%        8
 Maxwell's Capacitive Co  Air            5%         ∞         100%        8
 Chain Lightning          Conj/Air       3%         3d4       100%        9
 Fire Storm               Conj/Fire      2%         8d1       100%        9
 Polar Vortex             Ice            2%         N/A       100%        9
 Shatter                  Erth           2%         3d6*      100%        9

Inventory:

Hand Weapons
 a - a +9 dagger of speed
   (You took it off a deep elf archer on level 1 of the Elven Halls)
Missiles
 d - 8 curare-tipped darts
 r - 76 javelins
 x - 9 silver javelins
 A - 30 boomerangs (quivered)
 H - 11 throwing nets
 N - 8 silver boomerangs
Armour
 c - a scarf of repulsion (worn)
   (You found it on level 4 of the Spider Nest)
 z - the +0 helmet of the Hidden Vale (worn) {Regen+ Str+2}
   (You found it on level 3 of the Elven Halls)

   Str:       It affects your strength (+2).
   Regen:     It increases your rate of health regeneration.
 I - +0 fire dragon scales (worn)
   (You found it on level 1 of the Depths)
 J - a +2 buckler of cold resistance (worn)
   (You found it in an ice cave)
 R - a +2 pair of boots of rampaging (worn)
   (You bought it in a shop on level 13 of the Dungeon)
 Z - a +2 pair of gloves of strength (worn)
   (You bought it in a shop on level 13 of the Dungeon)
Jewellery
 b - a ring of protection from cold
   (You found it on level 5 of the Pits of Slime)
 i - the ring of Circularity (left hand) {Wiz Will- Int+3 Dex+6 SInv}
   (You bought it in a shop on level 2 of the Orcish Mines)

   [ring of wizardry]

   It improves your spell success rate.
   Int:       It affects your intelligence (+3).
   Dex:       It affects your dexterity (+6).
   SInv:      It lets you see invisible.
   Will:      It decreases your willpower.
 k - the ring of Louroah (right hand) {rN+ AC+4 Dex+3}
   (You found it on level 4 of the Realm of Zot)

   [ring of protection]

   AC:        It affects your AC (+4).
   Dex:       It affects your dexterity (+3).
   rN:        It protects you from negative energy.
 v - a ring of see invisible
   (You bought it in a shop on level 2 of the Orcish Mines)
 B - a ring of protection from fire
   (You took it off a wizard on level 1 of the Depths)
 E - the ring of the Mage {Wiz Archmagi}
   (You bought it in a shop on level 5 of the Vaults)

   [ring of wizardry]

   It improves your spell success rate.
   Archmagi:  It increases the power of your magical spells.
 O - the amulet "Henkel" (around neck) {Faith Dex+3}
   (You took it off a deep elf master archer on level 3 of the Elven Halls)

   [amulet of faith]

   It allows you to gain divine favour quickly.
   Dex:       It affects your dexterity (+3).
 Q - a ring of flight
   (You found it in an ice cave)
 V - the ring of Starshine {rElec rN+ Str+3 Dex+6}
   (You took it off a deep elf zephyrmancer on level 3 of the Elven Halls)

   [ring of dexterity]

   Str:       It affects your strength (+3).
   Dex:       It affects your dexterity (+6).
   rElec:     It insulates you from electricity.
   rN:        It protects you from negative energy.
Wands
 l - a wand of digging (7)
   (You found it on level 8 of the Dungeon)
 M - a wand of paralysis (46)
   (You found it on level 7 of the Dungeon)
 S - a wand of light (51)
   (You found it on level 3 of the Lair of Beasts)
 Y - a wand of iceblast (40)
   (You found it on level 1 of the Lair of Beasts)
Scrolls
 h - 12 scrolls of fog
 j - 8 scrolls of magic mapping
 q - 15 scrolls of fear
 s - 24 scrolls of teleportation
 w - 8 scrolls of butterflies
 D - 6 scrolls of silence
 P - 4 scrolls of blinking
 U - 7 scrolls of vulnerability
Potions
 o - 9 potions of haste
 p - 6 potions of cancellation
 t - 38 potions of curing
 u - 10 potions of might
 G - 7 potions of invisibility
 L - 11 potions of flight
 T - 4 potions of mutation
 X - 6 potions of resistance
Miscellaneous
 e - a box of beasts
   (You found it in a treasure trove)
 g - a phantom mirror
   (You found it in a treasure trove)
 m - a phial of floods
   (You found it on level 3 of the Elven Halls)
 n - a tin of tremorstones (2/2)
   (You found it in a treasure trove)
 y - a lightning rod (4/4)
   (You found it on level 3 of the Elven Halls)
 W - a condenser vane
   (You found it on level 1 of the Lair of Beasts)

Dungeon Overview and Level Annotations

Branches:
Dungeon (15/15)            Temple (1/1) D:7            Lair (5/5) D:9
 Shoals (4/4) Lair:2       Spider (4/4) Lair:3        Slime (5/5) Lair:5
    Orc (2/2) D:9             Elf (3/3) Orc:2        Vaults (5/5) D:13
  Crypt (3/3) Vaults:2       Tomb (2/3) Crypt:3      Depths (4/4) D:15
   Hell (visited)             Dis (0/7) Hell            Geh (0/7) Hell
    Coc (0/7) Hell            Tar (0/7) Hell            Zot (4/5) Depths:4
 Bailey (visited)           IceCv (visited)          WizLab (visited)

Altars:
Ashenzari
Cheibriados
Dithmenos
Elyvilon
Fedhas
Gozag
Hepliaklqana
Kikubaaqudgha
Makhleb
Nemelex Xobeh
Okawaru
Qazlal
Ru
Sif Muna
Trog
Uskayaw
Vehumet
Wu Jian
Xom
Yredelemnul
Zin
The Shining One
Jiyva

Shops:
D:4 :   D:5 :   D:6 (   D:13 [   D:15 *   Orc:2 !=:*   Elf:1 (   Elf:2 :==
Elf:3 [   Shoals:3 (   Vaults:1 :   Vaults:5 !!!*!=   Depths:1 *   Depths:2 *

Portals:
Hell: Depths:1 Depths:2 Depths:3 Depths:4
Abyss: Depths:1 Depths:2 Depths:3
Pandemonium: Depths:2
Ziggurat: Depths:4

*******##*#############
,,,,,,,,..#....#@..M.<#
,^,,,,,...#.?..#......#
,,,,,,,..^'?...'......#
,^,,,,,z.z#...^#..M...#
,,,,,,,,,,#.MM.#zBB..^#
############☼#####....#
?......zM?MM^....#.zz.#
..#..MM..☼○M.....######
..#...9MM...M....#,,,,*


You could see 2 skeletal warriors, 2 guardian mummies, 2 death scarabs, a flying
skull (wandering) and 3 mummies.


Message History

You drain its magic.
The royal mummy is lightly damaged.
The royal mummy falters for a moment.
Unknown command.
You pummel the royal mummy!! You bite the royal mummy!
The royal mummy's magic leaks into the air.
You drain its magic.
The royal mummy is moderately damaged.
The royal mummy falters for a moment.
You can now pass through a line of other dancers.
You pummel the royal mummy!! You bite the royal mummy!!
The royal mummy's magic leaks into the air.
You drain its magic.
The royal mummy is heavily damaged.
You hear a hideous shriek! x2
Uskayaw will force your foes to helplessly watch your dance.
Uskayaw prepares the audience for your solo!
The helpless royal mummy fails to defend itself.
You pulverise the royal mummy!!!
You bite the royal mummy.
The royal mummy's magic leaks into the air.
You drain its magic.
The royal mummy is almost destroyed.
The helpless royal mummy fails to defend itself.
You pummel the royal mummy!! You bite the royal mummy.
The royal mummy's magic leaks into the air.
You drain its magic.
The royal mummy is almost destroyed.
Uskayaw will force your foes to share their pain.
The helpless royal mummy fails to defend itself.
You pulverise the royal mummy!!!!
You destroy the royal mummy!
You feel extremely nervous for a moment...
You are engulfed in negative energy!
You resist.
Your transformation is almost over.
Casting: Necromutation (dangerous; 8% risk of failure)
Confirm with . or Enter, or press ? or * to list all spells.
You feel a surge of power!
You extend your transformation's duration.
The mummy pulls the alarm!
The alarm trap emits a blaring wail!
A sentinel's mark forms upon you.
A mummy comes into view.
You hear a hideous shriek!
You can no longer pass through a line of other dancers.
Really walk onto that alarm trap?
You set off the alarm!
The alarm trap emits a blaring wail!
The mark upon you grows brighter.
A flying skull comes into view.
A flying skull comes into view.
A flying skull comes into view.
You hit the flying skull but do no damage.
You bite the flying skull. You drain its power.
The flying skull is lightly damaged.
You block the flying skull's attack.
You punch the flying skull! You bite the flying skull.
You destroy the flying skull!
You hit the flying skull but do no damage.
Your bite misses the flying skull. The flying skull completely misses you.
You punch the flying skull! You bite the flying skull!
You destroy the flying skull!
You block the flying skull's attack.
You can now pass through a line of other dancers.
You barely miss the flying skull. The flying skull misses you.
You pummel the flying skull!!
You destroy the flying skull!
Uskayaw will force your foes to helplessly watch your dance.
You start waiting.
A royal mummy comes into view.
You rampage towards the royal mummy!
You block the royal mummy's attack.
You punch the royal mummy! You bite the royal mummy!
The royal mummy's magic leaks into the air.
You drain its magic.
The royal mummy is lightly damaged.
The royal mummy hits you but does no damage.
A royal mummy comes into view.
You punch the royal mummy! You bite the royal mummy!!
The royal mummy's magic leaks into the air.
You drain its magic.
The royal mummy is moderately damaged.
You can now pass through a line of other dancers.
You hit the royal mummy but do no damage.
You bite the royal mummy!
The royal mummy's magic leaks into the air.
You drain its magic.
The royal mummy is moderately damaged.
You block the royal mummy's attack.
The royal mummy mumbles some strange words.
You pummel the royal mummy!! You bite the royal mummy!
The royal mummy's magic leaks into the air.
You drain its magic.
The royal mummy is heavily damaged.
Your transformation is almost over.
Casting: Necromutation (dangerous; 8% risk of failure)
Confirm with . or Enter, or press ? or * to list all spells.
You feel a surge of power!
You extend your transformation's duration.
The emperor scorpion stings you but does no damage.
You block the emperor scorpion's attack.
The emperor scorpion completely misses you.
The royal mummy casts a spell at you. Something smites you!
You block the royal mummy's attack.
Unknown command.
You hit the royal mummy but do no damage.
You bite the royal mummy!
The royal mummy's magic leaks into the air.
You drain its magic.
You feel invigorated.
The royal mummy is heavily damaged.
The emperor scorpion stings you!
You block the emperor scorpion's attack.
The emperor scorpion claws you.
The royal mummy falters for a moment.
You block the mummy's attack.
Uskayaw will force your foes to helplessly watch your dance.
Uskayaw prepares the audience for your solo!
The helpless royal mummy fails to defend itself.
You pummel the royal mummy like a punching bag!!!!
You destroy the royal mummy!
You feel extremely nervous for a moment...
You are engulfed in negative energy!
You feel dopey.
Unknown command.
You rampage towards the royal mummy!
The helpless royal mummy fails to defend itself.
You pummel the royal mummy like a punching bag!!!
The royal mummy is moderately damaged.
Uskayaw will force your foes to share their pain.
Uskayaw links your audience in an emotional bond!
The helpless royal mummy fails to defend itself.
You hit the royal mummy but do no damage.
You bite the royal mummy, but do no damage.
The royal mummy is moderately damaged.
The helpless royal mummy fails to defend itself.
You pulverise the royal mummy!!!!
You destroy the mummy!
You bite the royal mummy.
The royal mummy's magic leaks into the air.
You drain its magic.
You feel invigorated.
The royal mummy is almost destroyed.
You can now merge with and destroy a victim.
The helpless royal mummy fails to defend itself.
You pound the royal mummy into fine dust!!!!
You destroy the royal mummy!
The emperor scorpion disappears in a puff of smoke!
You feel extremely nervous for a moment...
You feel horribly lethargic.
You feel yourself slow down.
Your Spellcasting skill increases to level 12!
Your Necromancy skill increases to level 21!
Unknown command.
You start resting.
HP restored.
You start waiting.
A royal mummy comes into view.
The sentinel's mark upon you fades away.
You rampage towards the royal mummy!
You pummel the royal mummy!! You bite the royal mummy.
The royal mummy's magic leaks into the air.
You drain its magic.
The royal mummy is lightly damaged.
A royal mummy comes into view.
The royal mummy falters for a moment.
You punch the royal mummy!
You bite the royal mummy, but do no damage.
The royal mummy is moderately damaged.
The royal mummy gestures at you while chanting.
Something smites you! You block the royal mummy's attack.
Uskayaw will force your foes to helplessly watch your dance.
You pummel the royal mummy!! You bite the royal mummy.
The royal mummy's magic leaks into the air.
You drain its magic.
You feel invigorated.
The royal mummy is moderately damaged.
A royal mummy comes into view.
It is wielding the +9 short sword of the Kissing Visionary {flame, rPois Str+4}.
Unknown command.
You pulverise the royal mummy!!!
You bite the royal mummy, but do no damage.
The royal mummy is heavily damaged.
The royal mummy mumbles some strange words.
A royal mummy comes into view.
You block the royal mummy's attack.
Uskayaw will force your foes to share their pain.
Uskayaw prepares the audience for your solo!
The helpless royal mummy fails to defend itself.
You pound the royal mummy into fine dust!!!!
You bite the royal mummy.
The royal mummy's magic leaks into the air.
You drain its magic.
The royal mummy is almost destroyed.
You can now merge with and destroy a victim.
Your hands tingle!
a - a +9 dagger of speed (weapon)
The emperor scorpion is no longer paralysed.
A royal mummy comes into view.
The helpless royal mummy fails to defend itself.
You perforate the royal mummy like a sieve!!!!!
You destroy the royal mummy!
You feel extremely nervous for a moment...
You feel horribly lethargic.
You feel as though you will be slow longer.
You feel your intelligence returning.
The helpless royal mummy fails to defend itself.
You spit the royal mummy like a pig!!!!!
You bite the royal mummy.
You destroy the royal mummy!
You feel extremely nervous for a moment...
You feel weird for a moment.
The royal mummy is no longer paralysed.
A royal mummy comes into view.
The royal mummy mumbles some strange words.
Casting: Necromutation (dangerous; 9% risk of failure)
Confirm with . or Enter, or press ? or * to list all spells.
You don't know that spell.
Casting: Necromutation (dangerous; 9% risk of failure)
Confirm with . or Enter, or press ? or * to list all spells.
Charge where?
Press: ? - help, Dir - move target, f - royal mummy
Aim: a royal mummy (95% to hit)
You charge forward with an electric crackle!
You puncture the royal mummy!
You bite the royal mummy, but do no damage.
The royal mummy is lightly damaged.
The royal mummy is no longer paralysed.
The emperor scorpion misses you.
The emperor scorpion claws you but does no damage. x2
The emperor scorpion closely misses you.
The emperor scorpion claws you but does no damage.
The emperor scorpion barely misses you. You block the royal mummy's attack.
The royal mummy points at you and mumbles some strange words.
Something smites you!
The royal mummy gestures wildly while chanting.
The royal mummy hits you. The emperor scorpion barely misses you.
You block the emperor scorpion's attack.
The emperor scorpion closely misses you.
You are now empty-handed.
The emperor scorpion stings you but does no damage.
The emperor scorpion closely misses you.
You block the emperor scorpion's attack.
The royal mummy hits you but does no damage.
The royal mummy gestures wildly while chanting.
The royal mummy completely misses you. The royal mummy barely misses you.
You stomp with the beat, sending a shockwave through the revellers around you!
The royal mummy is moderately damaged.
The emperor scorpion is moderately wounded.
The royal mummy is moderately damaged. x2
The emperor scorpion is moderately wounded.
The royal mummy is moderately damaged.
The death scarab waves its antennae.
The emperor scorpion misses you. The emperor scorpion barely misses you.
The emperor scorpion closely misses you.
The emperor scorpion stings you but does no damage.
You block the emperor scorpion's attack.
The emperor scorpion completely misses you.
The royal mummy hits you but does no damage.
The royal mummy mumbles some strange words.
You block the royal mummy's attack. The royal mummy barely misses you.
You block the emperor scorpion's attack.
The emperor scorpion completely misses you.
The emperor scorpion claws you but does no damage.
You block the emperor scorpion's attack.
The emperor scorpion claws you.
The emperor scorpion closely misses you.
Unknown command.
Unknown command.
Unknown command.
You stomp with the beat, sending a shockwave through the revellers around you!
The royal mummy is heavily damaged.
The emperor scorpion is heavily wounded.
The royal mummy is heavily damaged. x2
The emperor scorpion is heavily wounded.
The royal mummy is heavily damaged.
The royal mummy hits you. You block the royal mummy's attack.
The royal mummy casts a spell.
The emperor scorpion stings you but does no damage.
The emperor scorpion misses you.
The emperor scorpion completely misses you.
You block the royal mummy's attack.
The emperor scorpion stings you but does no damage.
The emperor scorpion claws you but does no damage. x2
The royal mummy misses you. The emperor scorpion barely misses you.
The emperor scorpion completely misses you.
You block the emperor scorpion's attack.
The royal mummy gestures wildly while chanting.
The royal mummy closely misses you. The royal mummy misses you.
Unknown command.
Unknown command.
You stomp with the beat, sending a shockwave through the revellers around you!
The royal mummy is heavily damaged.
The emperor scorpion is severely wounded.
The royal mummy is heavily damaged. x2
The emperor scorpion is severely wounded.
The royal mummy is severely damaged.
You block the emperor scorpion's attack.
The emperor scorpion closely misses you.
The emperor scorpion completely misses you.
You block the emperor scorpion's attack.
The emperor scorpion claws you but does no damage. x2
The royal mummy hits you.
The royal mummy mumbles some strange words. x2
The emperor scorpion stings you! The emperor scorpion misses you. x2
You block the royal mummy's attack. The emperor scorpion stings you.
The emperor scorpion claws you but does no damage.
You block the emperor scorpion's attack.
Unknown command.
Unknown command.
Unknown command.
You pummel the royal mummy!! You bite the royal mummy!
The royal mummy's magic leaks into the air.
You drain its magic.
You feel invigorated.
The royal mummy is severely damaged.
The emperor scorpion completely misses you.
You block the emperor scorpion's attack.
The emperor scorpion claws you but does no damage.
The royal mummy barely misses you. x3; The royal mummy falters for a moment.
The emperor scorpion misses you. x2
The emperor scorpion completely misses you.
You block the emperor scorpion's attack.
The emperor scorpion claws you but does no damage. x2
Unknown command.
You pound the royal mummy into fine dust!!!
You bite the royal mummy, but do no damage.
The royal mummy is almost destroyed.
The royal mummy's magic is no longer disrupted.
The royal mummy hits you but does no damage.
The royal mummy casts a spell.
The royal mummy gestures wildly while chanting.
You block the royal mummy's attack. The emperor scorpion misses you. x2
The emperor scorpion barely misses you. The emperor scorpion stings you!!
The emperor scorpion claws you but does no damage. x2
Unknown command.
You pummel the royal mummy!!
You destroy the royal mummy!
The emperor scorpion disappears in a puff of smoke! x5
The death scarab disappears in a puff of smoke! x2
You feel extremely nervous for a moment...
You are engulfed in negative energy!
You feel dopey. The death scarab bites you!
The death scarab drains your vigour!
You feel as though you will be slow longer.
The royal mummy completely misses you. x2
The royal mummy gestures wildly while chanting.
Press: ? - help, v - describe, . - travel
Here: a royal mummy (severely damaged)
The floor.
Unknown command.
You punch the royal mummy! You bite the royal mummy!
The royal mummy's magic leaks into the air.
You drain its magic.
You feel invigorated.
The royal mummy is severely damaged.
The death scarab bites you! The death scarab drains your vigour!
You feel as though you will be slow longer.
You block the royal mummy's attack.
The royal mummy falters for a moment.
The royal mummy closely misses you. The emperor scorpion stings you.
The emperor scorpion completely misses you.
The emperor scorpion claws you but does no damage.
You punch the royal mummy! You bite the royal mummy!
The royal mummy's magic leaks into the air.
You drain its magic.
You feel invigorated.
The royal mummy is almost destroyed.
The death scarab misses you.
The royal mummy hits you but does no damage.
The royal mummy closely misses you. x2
The emperor scorpion completely misses you.
You block the emperor scorpion's attack.
The emperor scorpion claws you but does no damage.
You punch the royal mummy! You bite the royal mummy!
The royal mummy's magic leaks into the air.
You drain its magic.
You feel invigorated.
The royal mummy is almost destroyed.
The death scarab bites you but does no damage.
The royal mummy misses you. You block the royal mummy's attack.
The royal mummy casts a spell.
The emperor scorpion stings you but does no damage.
The emperor scorpion claws you but does no damage. x2
You hit the royal mummy. You bite the royal mummy!
You destroy the royal mummy!
The death scarab disappears in a puff of smoke! x2
The emperor scorpion disappears in a puff of smoke!
You feel extremely nervous for a moment...
You feel weird for a moment. You block the death scarab's attack.
The royal mummy closely misses you. The emperor scorpion stings you.
The emperor scorpion completely misses you.
The emperor scorpion misses you. The royal mummy misses you.
Uskayaw prepares the audience for your solo!
Uskayaw links your audience in an emotional bond!
You feel your intelligence returning.
The helpless royal mummy fails to defend itself.
You hit the royal mummy but do no damage.
You bite the royal mummy!
The royal mummy's magic leaks into the air.
You drain its magic.
You feel invigorated.
The royal mummy is severely damaged.
Your hands tingle!
a - a +9 dagger of speed (weapon)
The helpless royal mummy fails to defend itself.
You perforate the royal mummy like a sieve!!!!!
You destroy the death scarab!
The death scarab's corpse disappears in a puff of smoke!
You destroy the death scarab!
The death scarab's corpse disappears in a puff of smoke!
You kill the emperor scorpion!
The emperor scorpion's corpse disappears in a puff of smoke!
You destroy the royal mummy!
You feel extremely nervous for a moment...
You feel weird for a moment.
The helpless royal mummy fails to defend itself.
You skewer the royal mummy like a kebab!!!!!
You destroy the royal mummy!
You feel extremely nervous for a moment...
You feel horribly lethargic.
You feel as though you will be slow longer.
You feel your intelligence returning.
You are now empty-handed.
You now have 4967 gold pieces (gained 8).
You see here the +9 short sword of the Kissing Visionary {flame, rPois Str+4}.
You start resting.
HP restored.
You can no longer pass through a line of other dancers.
You start waiting.
Your transformation is almost over.
Casting: Vhi's Electric Charge (mildly dangerous; 3% risk of failure)
Confirm with . or Enter, or press ? or * to list all spells.
You feel a surge of power!
You extend your transformation's duration.
Unknown command.
You start resting.
You feel yourself speed up.
You see here the +9 short sword of the Kissing Visionary {flame, rPois Str+4}.
Magic restored.
Your transformation is almost over.
Casting: Necromutation (dangerous; 11% risk of failure)
Confirm with . or Enter, or press ? or * to list all spells.
You feel a surge of power!
You extend your transformation's duration.
There is an open door here.
Found a one-way staircase leading down.
There is an open door here.
There is an open door here.
There is a one-way staircase leading down here.
There is an open door here.
Done exploring.
Unknown command.
As you read the scroll of teleportation, it crumbles to dust.
You feel strangely unstable.
You start waiting.
Your surroundings suddenly seem different.
Your transformation is almost over.
(D) Dungeon (T) Temple (L) Lair (A) Shoals (N) Spider Nest (M) Slime Pits (O) Orcish Mines (E) Elven Halls (V) Vaults (C) Crypt (W) Tomb (U) Depths (H) Hell (I) Dis (G) Gehenna (X) Cocytus (Y) Tartarus (Z) Zot
Where to? (Enter - Tomb:1 @ (x,y), ? - help)
You feel yourself come back to life.
There is a huge open gate here.
There is an open door here.
There is a one-way staircase leading down here.
Save game and exit?
Welcome back, scionoferis the Vine Stalker Brigand.
Uskayaw says: Surrender yourself to the rhythm!
Press ? for a list of commands and other information.
Unknown command.
Unknown command.
There is a one-way staircase leading down here.
Cast which spell? (? or * to list)
Your body is suffused with negative energy!
Unknown command.
You slide downwards.
The hatch slams shut behind you.
The mummy priest calls down the wrath of its god upon you.
Something smites you!
You rampage towards the mummy!
A mummy priest and a death scarab come into view.
The death scarab's many legs skitter faintly.
The ushabti shakes and rattles deafeningly!
The mummy priest utters an invocation to its god.
You hear a loud "Zot"!
A mummy comes into view.
The royal mummy casts a spell.
The mummy priest moves out of view.
You pummel the mummy!!
You destroy the mummy!
You rampage towards the bunyip simulacrum!
A mummy priest, a bennu and a guardian mummy come into view.
You punch the bunyip simulacrum! You bite the bunyip simulacrum!
You drain its power.
You feel invigorated.
The bunyip simulacrum is heavily damaged.
The bunyip simulacrum completely misses you.
You block the bunyip simulacrum's attack. x2
The mummy priest utters an invocation to its god.
The death scarab completely misses you.
The bennu moves out of view.
An ancient champion comes into view. It is wielding a +1 great sword.
You pummel the death scarab!! You bite the death scarab. You drain its power.
The death scarab is almost destroyed.
You block the death scarab's attack.
The ushabti shakes and rattles deafeningly!
The royal mummy gestures wildly while chanting.
You can now pass through a line of other dancers.
You pummel the death scarab!!
You destroy the death scarab!
The shadow wraith hits you but does no damage.
The ancient champion gestures wildly while chanting.
The ancient champion seems to speed up.
You hear a faint skittering sound.
You punch the mummy! You bite the mummy. You drain its power.
The mummy is almost destroyed.
You block the shadow wraith's attack.
You punch the mummy!
You destroy the mummy!
The mummy priest invokes the aid of its god against you.
Something smites you!
You pummel the bunyip simulacrum!!
The bunyip simulacrum vaporises!
The shadow wraith misses you.
An ushabti comes into view.
Uskayaw will force your foes to helplessly watch your dance.
Uskayaw prepares the audience for your solo!
Your hands tingle!
a - a +9 dagger of speed (weapon)
The helpless shadow wraith fails to defend itself.
You perforate the shadow wraith like a sieve!!!!!
You destroy the shadow wraith!
The shadow wraith disappears in a puff of smoke!
You rampage towards the mummy priest!
The helpless mummy priest fails to defend itself.
You perforate the mummy priest like a sieve!!!!!
You destroy the mummy priest!
You feel extremely nervous for a moment...
You feel a surge of unholy energy.
Uskayaw will force your foes to share their pain.
Uskayaw links your audience in an emotional bond!
You rampage towards the ushabti!
A mummy comes into view.
The helpless ushabti fails to defend itself.
You stick the ushabti like a pincushion!!!!!
You destroy the ushabti!
Unknown command.
The helpless shadow wraith fails to defend itself.
You skewer the shadow wraith like a kebab!!!!!
You destroy the shadow wraith!
The shadow wraith disappears in a puff of smoke!
You block the emperor scorpion's attack.
The emperor scorpion claws you but does no damage.
You block the emperor scorpion's attack.
You can now merge with and destroy a victim.
You rampage towards the mummy priest!
A mummy comes into view.
The helpless mummy priest fails to defend itself.
You perforate the mummy priest like a sieve!!!!!
You destroy the mummy priest! x2
The wraith disappears in a puff of smoke!
You feel extremely nervous for a moment...
You feel weird for a moment.
You feel extremely nervous for a moment...
You feel weird for a moment.
Your Transmutations skill increases to level 21!
The helpless guardian mummy fails to defend itself.
You stick the guardian mummy like a pincushion!!!!!
You destroy the mummy priest!
The spriggan defender skeleton disappears in a puff of smoke!
The vampire disappears in a puff of smoke!
You destroy the guardian mummy!
You feel extremely nervous for a moment...
You are engulfed in negative energy!
You feel dopey.
You feel extremely nervous for a moment...
You feel a surge of unholy energy.
You feel your intelligence returning.
The emperor scorpion attacks as you move away!
You block the emperor scorpion's attack.
The emperor scorpion misses you. The emperor scorpion claws you.
A mummy and a guardian mummy come into view.
The mummy is no longer paralysed.
The ancient champion is no longer paralysed. x2
The mummy is no longer paralysed.
You hear a loud "Zot"!
The emperor scorpion misses you.
The emperor scorpion claws you but does no damage.
The emperor scorpion claws you. You block the royal mummy's attack.
The skeletal warrior fails to trigger a net trap.
The ancient champion gestures wildly while chanting.
The ancient champion seems to speed up.
The royal mummy gestures at you while chanting.
Something smites you!
You block the emperor scorpion's attack.
The emperor scorpion closely misses you.
The emperor scorpion misses you.
The emperor scorpion attacks as you move away!
The emperor scorpion completely misses you.
You block the emperor scorpion's attack.
The emperor scorpion completely misses you.
The ancient champion casts a spell at you.
The iron shot misses you.
The bennu's plumage briefly flares with an otherwordly flame.
The ushabti shakes and rattles deafeningly!
You hear a faint skittering sound. x3
You are now empty-handed.
You pummel the royal mummy!! You bite the royal mummy!
The royal mummy's magic leaks into the air.
You drain its magic.
You feel invigorated.
The royal mummy is moderately damaged.
The emperor scorpion stings you but does no damage.
You block the emperor scorpion's attack.
The emperor scorpion claws you but does no damage.
The emperor scorpion stings you but does no damage.
The emperor scorpion misses you.
The emperor scorpion claws you but does no damage.
You block the royal mummy's attack.
You hit the royal mummy but do no damage.
You bite the royal mummy!!
The royal mummy's magic leaks into the air.
You drain its magic.
The royal mummy is moderately damaged.
The emperor scorpion barely misses you.
The emperor scorpion completely misses you.
The emperor scorpion closely misses you.
The emperor scorpion misses you.
The emperor scorpion completely misses you.
The emperor scorpion closely misses you.
Unknown command.
You punch the royal mummy!
You feel a bit more experienced.
The royal mummy is moderately damaged.
The bennu is no longer sharing its pain.
The emperor scorpion is no longer sharing its pain.
The ancient champion is no longer sharing its pain.
The royal mummy casts a spell at you. Something smites you!
The royal mummy falters for a moment.
The emperor scorpion stings you.
The emperor scorpion completely misses you. x2
The emperor scorpion stings you but does no damage.
The emperor scorpion barely misses you.
The emperor scorpion completely misses you.
You pummel the royal mummy!! You bite the royal mummy!
The royal mummy's magic leaks into the air.
You drain its magic.
You feel invigorated.
The royal mummy is heavily damaged.
The royal mummy is no longer sharing its pain.
The royal mummy falters for a moment.
The emperor scorpion barely misses you.
The emperor scorpion claws you but does no damage.
The emperor scorpion completely misses you.
You pummel the royal mummy!! You bite the royal mummy.
The royal mummy's magic leaks into the air.
You drain its magic.
The royal mummy is severely damaged.
You hear a hideous shriek!
You block the emperor scorpion's attack.
The emperor scorpion claws you but does no damage.
The emperor scorpion closely misses you.
The emperor scorpion completely misses you.
The emperor scorpion claws you but does no damage.
The emperor scorpion completely misses you.
You hear a faint skittering sound.
You punch the royal mummy! You bite the royal mummy!!
The royal mummy's magic leaks into the air.
You drain its magic.
The royal mummy is almost destroyed.
The guardian mummy is no longer sharing its pain.
The royal mummy falters for a moment.
The emperor scorpion stings you but does no damage.
The emperor scorpion claws you.
The emperor scorpion claws you but does no damage.
The ushabti shakes and rattles deafeningly!
You hear a faint skittering sound.
You hear a screech!
You hear a faint skittering sound. x3
You pummel the royal mummy!!
You destroy the royal mummy!
The emperor scorpion disappears in a puff of smoke!
You feel extremely nervous for a moment...
You are engulfed in negative energy!
You resist.
You block the emperor scorpion's attack.
The emperor scorpion completely misses you.
You block the emperor scorpion's attack.
The ushabti gestures stiffly at you.
You convulse!
The royal mummy mumbles some strange words.
The emperor scorpion misses you.
The emperor scorpion claws you but does no damage.
The emperor scorpion misses you.
You punch the ancient champion!
You bite the ancient champion, but do no damage.
The ancient champion is lightly damaged.
The emperor scorpion stings you but does no damage.
The emperor scorpion claws you.
The emperor scorpion claws you but does no damage.
The ancient champion hits you with a +1 great sword!
The emperor scorpion closely misses you.
The emperor scorpion completely misses you.
The emperor scorpion closely misses you.
You hit the ancient champion but do no damage.
You bite the ancient champion.
The ancient champion's magic leaks into the air.
You drain its magic.
You feel invigorated.
The ancient champion is lightly damaged.
The mummy is no longer sharing its pain.
The royal mummy casts a spell.
The ancient champion hits you with a +1 great sword.
The ushabti gestures stiffly at you.
You convulse!
You hear a faint skittering sound.
You squash the ancient champion like an ant!!!
You bite the ancient champion, but do no damage.
The ancient champion is severely damaged.
The ushabti is no longer sharing its pain.
You block the emperor scorpion's attack. x2
The emperor scorpion claws you but does no damage.
The ancient champion misses you.
The royal mummy points at you and mumbles some strange words.
Something smites you!
The emperor scorpion completely misses you.
The emperor scorpion claws you but does no damage. x2
You pummel the ancient champion!! You bite the ancient champion.
You destroy the ancient champion!
The emperor scorpion closely misses you. x2
You block the emperor scorpion's attack.
A mummy comes into view.
You block the emperor scorpion's attack.
The emperor scorpion completely misses you.
The emperor scorpion claws you but does no damage.
You pummel the guardian mummy!! You bite the guardian mummy.
You drain its power.
You feel invigorated.
The guardian mummy is severely damaged.
Your transformation is almost over.
The emperor scorpion completely misses you.
The emperor scorpion barely misses you.
You block the emperor scorpion's attack.
The emperor scorpion stings you but does no damage.
The emperor scorpion claws you but does no damage. x2
You punch the bennu! Your bite misses the bennu.
The bennu is severely wounded.
The royal mummy is no longer sharing its pain.
The mummy priest is no longer sharing its pain.
The guardian mummy is no longer sharing its pain.
The emperor scorpion completely misses you.
The emperor scorpion claws you but does no damage.
You block the emperor scorpion's attack.
The emperor scorpion closely misses you.
The emperor scorpion misses you. The emperor scorpion barely misses you.
You pummel the bennu!!
The bennu renews itself in a burst of flame!
The bennu blazes out!
The pyre of ghostly fire engulfs the bennu.
The bennu completely resists.
The pyre of ghostly fire engulfs the mummy priest.
The mummy priest completely resists.
The pyre of ghostly fire engulfs the emperor scorpion!!
The emperor scorpion is drained!
The pyre of ghostly fire engulfs the royal mummy.
The royal mummy completely resists.
The pyre of ghostly fire engulfs the guardian mummy.
The guardian mummy completely resists.
The pyre of ghostly fire engulfs the emperor scorpion!!
The emperor scorpion is drained!
The pyre of ghostly fire engulfs you but does no damage.
You resist.
The pyre of ghostly fire engulfs the mummy.
The mummy completely resists.
The pyre of ghostly fire engulfs the emperor scorpion!!!
The emperor scorpion is drained!
The pyre of ghostly fire engulfs the ushabti.
The ushabti completely resists.
The pyre of ghostly fire engulfs the guardian mummy.
The guardian mummy completely resists.
The pyre of ghostly fire engulfs the mummy.
The mummy completely resists.
The pyre of ghostly fire engulfs the ancient champion.
The ancient champion completely resists.
The pyre of ghostly fire engulfs the emperor scorpion!!
The emperor scorpion is drained!
The pyre of ghostly fire engulfs the guardian mummy.
The guardian mummy completely resists.
The pyre of ghostly fire engulfs the emperor scorpion!!
The emperor scorpion is drained!
You hear a screech!
The emperor scorpion misses you.
You block the emperor scorpion's attack.
The emperor scorpion completely misses you.
The emperor scorpion stings you but does no damage.
The emperor scorpion claws you but does no damage.
You block the emperor scorpion's attack.
The emperor scorpion barely misses you.
You block the emperor scorpion's attack.
The emperor scorpion claws you but does no damage.
You feel your intelligence returning.
Unknown command.
Unknown command.
You pummel the bennu!! You bite the bennu! You drain its power.
You feel invigorated.
The bennu is heavily wounded.
The emperor scorpion stings you but does no damage.
The emperor scorpion barely misses you. The emperor scorpion misses you.
The royal mummy points at you and mumbles some strange words.
Something smites you! The bennu pecks you but does no damage.
The bennu claws you. The bennu completely misses you.
The emperor scorpion stings you but does no damage.
You block the emperor scorpion's attack.
The emperor scorpion claws you.
The emperor scorpion stings you but does no damage.
The emperor scorpion barely misses you. The emperor scorpion misses you.
You pummel the ushabti!! You bite the ushabti!
You destroy the ushabti!
You block the emperor scorpion's attack.
The emperor scorpion claws you but does no damage.
You block the emperor scorpion's attack.
You block the bennu's attack. The bennu claws you.
The bennu claws you but does no damage.
You block the emperor scorpion's attack.
The emperor scorpion barely misses you.
You block the emperor scorpion's attack.
You squash the bennu like an ant!!!
You bite the bennu!
The bennu, emptied of spiritual energy, fades out from this realm.
The bennu blazes out!
The pyre of ghostly fire engulfs the mummy priest.
The mummy priest completely resists.
The pyre of ghostly fire engulfs the emperor scorpion!!!
The emperor scorpion is drained!
The pyre of ghostly fire engulfs the royal mummy.
The royal mummy completely resists.
The pyre of ghostly fire engulfs the ancient champion.
The ancient champion completely resists.
The pyre of ghostly fire engulfs the emperor scorpion!!
The emperor scorpion is drained!
The pyre of ghostly fire engulfs you but does no damage.
You resist.
The pyre of ghostly fire engulfs the mummy.
The mummy completely resists.
The pyre of ghostly fire engulfs the mummy.
The mummy completely resists.
The pyre of ghostly fire engulfs the ushabti.
The ushabti completely resists.
The pyre of ghostly fire engulfs the guardian mummy.
The guardian mummy completely resists.
The pyre of ghostly fire engulfs the emperor scorpion!!
The emperor scorpion is drained!
The pyre of ghostly fire engulfs the guardian mummy.
The guardian mummy completely resists.
The pyre of ghostly fire engulfs the emperor scorpion but does no damage.
The emperor scorpion is drained!
The pyre of ghostly fire engulfs the emperor scorpion!!!
The emperor scorpion is drained!
The emperor scorpion misses you.
You block the emperor scorpion's attack. x3
The emperor scorpion completely misses you. x2
Unknown command.
Unknown command.
You pound the mummy priest into fine dust!!!
You bite the mummy priest! You drain its power.
You feel invigorated.
The mummy priest is almost destroyed.
The emperor scorpion is no longer sharing its pain.
The royal mummy casts a spell.
You block the emperor scorpion's attack.
The emperor scorpion barely misses you.
You block the emperor scorpion's attack. x2
The emperor scorpion completely misses you.
The emperor scorpion closely misses you.
The ushabti shakes and rattles deafeningly!
You hear a faint skittering sound. x2
You hit the mummy priest. You bite the mummy priest.
You destroy the mummy priest!
You feel extremely nervous for a moment...
You feel weird for a moment.
The emperor scorpion completely misses you.
The emperor scorpion misses you.
You block the emperor scorpion's attack.
The emperor scorpion closely misses you.
The emperor scorpion barely misses you. The emperor scorpion misses you.
The emperor scorpion completely misses you.
The emperor scorpion misses you.
You block the emperor scorpion's attack.
You hit the guardian mummy but do no damage.
You bite the guardian mummy. You drain its power.
You feel invigorated.
The guardian mummy is lightly damaged.
The emperor scorpion completely misses you. x2
You block the emperor scorpion's attack.
Uskayaw links your audience in an emotional bond!
Unknown command.
You pummel the guardian mummy!!
You bite the guardian mummy, but do no damage.
The guardian mummy is heavily damaged.
The emperor scorpion barely misses you.
The emperor scorpion claws you but does no damage. x2
The emperor scorpion stings you.
You block the emperor scorpion's attack.
The emperor scorpion completely misses you.
The emperor scorpion stings you but does no damage.
The emperor scorpion completely misses you. x2
You block the guardian mummy's attack.
The royal mummy gestures at you while chanting.
Something smites you!
You block the emperor scorpion's attack. x2
The emperor scorpion claws you but does no damage.
Aiming: Grand Finale
Press: ? - help, Shift-Dir - straight line, f - royal mummy
Aim: a royal mummy (sharing its pain)
The royal mummy explodes violently!
The emperor scorpion is hit by a flying piece of the royal mummy!
You destroy the mummy!
You kill the emperor scorpion!
The emperor scorpion's corpse disappears in a puff of smoke!
The emperor scorpion is hit by a flying piece of the royal mummy!
Something is hit by a flying piece of the royal mummy!
The mummy is hit by a flying piece of the royal mummy!
The guardian mummy is hit by a flying piece of the royal mummy!
The mummy priest is hit by a flying piece of the royal mummy!
Something is hit by a flying piece of the royal mummy!
You blow up the royal mummy!
The emperor scorpion disappears in a puff of smoke! x2
You feel extremely nervous for a moment...
You feel horribly lethargic.
You feel yourself slow down.
Unknown command.
Unknown command.
The mummy priest attacks as you move away!
You block the mummy priest's attack.
You block the ancient champion's attack.
The royal mummy hits you!
The ancient champion hits you with a +1 great mace.
You hear a loud "Zot"!
The power of Zot is invoked against you!
You are slowing down.
The mummy priest misses you.
You squash the mummy priest like an ant!!!
You kill the emperor scorpion!
The emperor scorpion's corpse disappears in a puff of smoke!
You destroy the ancient champion!
You kill the emperor scorpion!
The emperor scorpion's corpse disappears in a puff of smoke!
You kill the emperor scorpion!
The emperor scorpion's corpse disappears in a puff of smoke!
You destroy the mummy! x2
You bite the mummy priest!!
You destroy the mummy priest!
You feel extremely nervous for a moment...
You are engulfed in negative energy!
You resist.
You feel yourself come back to life.
The mummy is no longer sharing its pain.
You block the royal mummy's attack.
The ushabti shakes and rattles.
The vile air hits you but does no damage.
The royal mummy casts a spell.
Your limbs are stiffening.
You can now pass through a line of other dancers.
Unknown command.
Unknown command.
Unknown command.
Unknown command.
You feel limber!
Your magical effects are unravelling.
You feel magically purged.
You are engulfed in dark miasma.
You are poisoned.
You feel yourself speed up.
You feel extremely sick. The death scarab closely misses you.
You block the death scarab's attack.
The ushabti shakes and rattles.
The vile air hits the mummy.
The vile air hits you but does no damage.
You block the ushabti's attack.
You hear a loud "Zot"!
The power of Zot is invoked against you!
Your willpower is stripped away!
The royal mummy calls on the powers of darkness!
Your body is wracked with pain!
* * * LOW HITPOINT WARNING * * *
The mummy misses you. The ushabti closely misses you.
The royal mummy misses you. You block the mummy's attack.
You hear a faint skittering sound.
Unknown command.
Unknown command.
Casting: Necromutation (dangerous; 9% risk of failure)
Confirm with . or Enter, or press ? or * to list all spells.
You miscast Necromutation.
You are very lightly contaminated with residual magic.
You sense a malignant aura.
You partially resist.
You feel drained.
* * * LOW HITPOINT WARNING * * *
You are engulfed in dark miasma.
You are more poisoned.
You feel yourself slow down.
* * * LOW HITPOINT WARNING * * *
You feel extremely sick.
The guardian mummy is no longer sharing its pain. x2
The death scarab misses you. The death scarab bites you.
* * * LOW HITPOINT WARNING * * *
The death scarab draws strength from your injuries!
The ushabti shakes and rattles deafeningly!
You block the mummy's attack. You block the royal mummy's attack.
You block the ushabti's attack.
You hear a faint skittering sound.
You hear a hideous shriek!
You hear a faint skittering sound. x4; You hear a screech!
Blink to where?
Press: ? - help, Dir - move target
Okay, then.
Unknown command.
Blink to where?
Press: ? - help, Dir - move target
As you read the scroll of blinking, it crumbles to dust.
* * * LOW HITPOINT WARNING * * *
You feel extremely sick.
The royal mummy is no longer sharing its pain.
The royal mummy gestures at you while chanting.
Something smites you!
* * * LOW HITPOINT WARNING * * *
The mummy completely misses you.
The guardian mummy completely misses you.
The ushabti shakes and rattles.
The vile air hits the mummy.
The vile air hits you but does no damage.
Blink to where?
Press: ? - help, Dir - move target A death scarab comes into view.
As you read the scroll of blinking, it crumbles to dust.
You die...

Skill      XL: |  1  2  3  4  5  6  7  8  9 10 11 12 13 14 15 16 17 18 19 20 21 22 23 24 25 26 27 |
---------------+----------------------------------------------------------------------------------+-----
Short Blades   | 2 3 4 5 7 8 10 | 10.0
Fighting       | 2 3 4 5 6 7 8 9 10 11 12 13 15 16 17 18 19 20 | 20.0
Unarmed Combat | 10 11 12 13 14 15 16 17 18 19 20 | 20.0
Dodging        | 1 3 5 6 8 9 11 12 13 14 15 | 15.0
Stealth        | 5 7 9 10 15 | 15.0
Armour         | 1 5 7 9 10 11 12 13 14 17 | 17.8
Invocations    | 1 4 6 9 11 13 14 15 16 17 18 19 20 | 20.0
Shields        | 3 5 7 8 9 10 | 10.0
Evocations     | 2 5 7 8 9 |  9.0
Throwing       | 2 7 10 | 10.0
Transmutations | 2 5 7 9 10 11 12 13 14 21 | 21.1
Spellcasting   | 4 5 7 12 | 12.3
Necromancy     | 7 12 21 | 21.2
Air Magic      | 5 |  5.0
Translocations | 5 |  5.0

Action                     |  1- 3 |  4- 6 |  7- 9 | 10-12 | 13-15 | 16-18 | 19-21 | 22-24 | 25-27 || total
---------------------------+-------+-------+-------+-------+-------+-------+-------+-------+-------++-------
  Melee: Dagger            |    73 |   129 |     1 |   715 |  1549 |   638 |   159 |   122 |    57 ||  3443
         Bite              |    12 |    64 |   164 |   281 |   858 |   801 |   623 |   797 |  2065 ||  5665
         Punch             |     3 |     4 |     7 |    74 |     4 |       |       |     3 |    63 ||   158
         Short sword       |       |    84 |   462 |    67 |       |       |       |       |       ||   613
         Trident           |       |       |    22 |       |       |       |       |       |       ||    22
         Halberd           |       |       |    10 |       |       |       |       |       |       ||    10
         Unarmed           |       |       |       |       |   294 |  1186 |  1347 |  1447 |  3490 ||  7764
  Throw: Dart              |       |       |    43 |     7 |     4 |    13 |     4 |       |       ||    71
         Boomerang         |       |       |       |       |     3 |       |     7 |     6 |     4 ||    20
         Throwing net      |       |       |       |       |     2 |       |       |     1 |       ||     3
         Javelin           |       |       |       |       |       |       |       |       |     3 ||     3
   Cast: Wereblood         |       |       |       |       |       |       |       |     4 |     9 ||    13
         Blade Hands       |       |       |       |       |       |       |       |     3 |    18 ||    21
         Animate Dead      |       |       |       |       |       |       |       |       |     3 ||     3
         Necromutation     |       |       |       |       |       |       |       |       |    63 ||    63
         Vhi's Electric Ch |       |       |       |       |       |       |       |       |     5 ||     5
         Death Channel     |       |       |       |       |       |       |       |       |     1 ||     1
         Passwall          |       |       |       |       |       |       |       |       |     1 ||     1
 Invoke: Stomp             |       |       |       |       |       |       |     3 |     9 |     7 ||    19
         Grand Finale      |       |       |       |       |       |       |     1 |     4 |    12 ||    17
         Line Pass         |       |       |       |       |       |       |       |     1 |     9 ||    10
Ability: End Transformatio |       |       |       |       |       |       |       |       |     2 ||     2
  Evoke: Wand              |       |       |     3 |     1 |       |     1 |     1 |       |     1 ||     7
         Condenser vane    |       |       |       |       |     1 |     2 |     4 |       |     1 ||     8
         Tin of tremorston |       |       |       |       |       |     2 |     3 |     1 |       ||     6
         Phantom mirror    |       |       |       |       |       |       |     1 |       |       ||     1
    Use: Scroll            |       |     1 |     6 |     8 |     8 |     4 |    11 |     4 |    27 ||    69
         Potion            |       |     1 |     1 |       |     2 |     6 |       |       |     8 ||    18
   Stab: Sleeping          |    14 |     8 |     3 |     3 |       |       |       |    16 |    10 ||    54
         Paralysed         |       |       |       |    40 |   102 |   171 |   131 |   183 |   398 ||  1025
         Held in net/web   |       |       |       |       |     3 |       |       |     3 |       ||     6
         Distracted        |       |       |       |       |       |       |       |     5 |    28 ||    33
         Invisible         |       |       |       |       |       |       |       |       |     3 ||     3
         Confused          |       |       |       |       |       |       |       |       |     2 ||     2
 Armour: Robe              |     2 |       |       |       |       |       |       |       |       ||     2
         Ring mail         |    14 |    42 |   139 |    14 |       |       |       |       |       ||   209
         Chain mail        |       |       |       |   136 |   464 |   562 |   401 |   542 |   313 ||  2418
         Scale mail        |       |       |       |       |    46 |       |       |       |       ||    46
         Fire dragon scale |       |       |       |       |       |       |       |       |   363 ||   363
         Gold dragon scale |       |       |       |       |       |       |       |       |   334 ||   334
         Quicksilver drago |       |       |       |       |       |       |       |       |   132 ||   132
  Dodge: Dodged            |    23 |   114 |   360 |   271 |   759 |   962 |   573 |   708 |  2151 ||  5921
         Repelled          |       |       |       |       |       |     5 |    24 |    19 |    66 ||   114
  Block: Buckler           |       |       |       |       |   491 |   571 |   470 |   541 |  1055 ||  3128
         Kite shield       |       |       |       |       |    28 |       |       |       |       ||    28
         Reflection        |       |       |       |       |       |       |    29 |       |       ||    29

Levels and vault maps discovered:
D:1:      dpeg_arrival_orchard, layout_loops_corners
D:2:      layout_basic
D:3:      layout_loops_ring
D:4:      corexii_shack_village, layout_loops_ring, fiery_altar_vehumet,
          serial_shops, shop_statue
D:5:      layout_rooms, nicolae_eternal_life, nicolae_shop_self_help
D:6:      layout_loops_cross, kennysheep_mini, serial_shops,
          nicolae_shop_window_shopping
D:7:      layout_loops_ring, minmay_temple_entry_wispy, serial_undead,
          serial_undead_e, serial_undead_f, serial_undead_e, serial_undead_a,
          serial_undead_f, serial_undead_a, enter_bailey_4,
          corexii_leaking_fountain, uniq_duvessa
D:8:      layout_layer_cave
D:9:      layout_loops_ring, nicolae_overflow_two_pavilions, lair_entry_dummy,
          orc_0_dummy, corner_web_ring
D:10:     layout_loops_ring, chequers_serial_rivers_small_b, uniq_erolcha,
          uniq_maurice, uniq_grum
D:11:     layout_roguey [special_room_orc], ebering_ghost_funeral_grove,
          uniq_harold
D:12:     layout_basic
D:13:     layout_long_grid, david_vaults_1, serial_shops, shop
D:14:     layout_basic, minmay_misc_feat_columns, minivault_27, uniq_roxanne
D:15:     grunt_enter_depths_snipers, layout_basic,
          nicolae_dithmenos_the_darkroom, minmay_misc_feat_alley,
          nicolae_alphabet_shops
Temple:   dpeg_three_leaves_temple
Lair:1:   layout_roguey, portal_ice_cave_entry_imps, serial_bayou_shore_a
Lair:2:   layout_hall_layers, minmay_shoals_entry_lonely_mermaid,
          gammafunk_ghost_arena, nicolae_lair_grove_arrangements,
          pdpol_lair_cabin_in_the_woods
Lair:3:   layout_roguey, hellmonk_spider_entry_not_the_bees,
          grunt_forest_stairs_clearing
Lair:4:   layout_concentric_octagons
Lair:5:   due_jungle_book, layout_cave_pods, nicolae_slime_entry_slimehenge,
          gammafunk_ghost_split, uniq_kirke
Shoals:1: layout_shoals, nicolae_shoals_beach_cooler
Shoals:2: layout_shoals, st_cyclops
Shoals:3: layout_shoals, serial_shops, nicolae_shop_advertising_works
          [nicolae_subvault_shop_adworks]
Shoals:4: shoals_end_grunt_ice, layout_shoals
Spider:1: layout_spider_delve, drop_trap, nicolae_spider_swamp_cousins,
          uniq_donald
Spider:2: layout_chambers
Spider:3: layout_chambers, hangedman_spider_tarantella_strand, uniq_mlioglotl
Spider:4: spider_rune_water
Slime:1:  layout_caves
Slime:2:  layout_caves
Slime:3:  layout_caves
Slime:4:  layout_caves, special_room [special_room_jelly], dissolution_awaits
Slime:5
Orc:1:    layout_caves, basic_altar
Orc:2:    st_orc_open, layout_caves, uniq_snorg
Elf:1:    eino_elf_arrival_altar, layout_loops_ring, serial_shops,
          nicolae_shop_waterfront, minmay_elf_demonology, uniq_asterion,
          uniq_louise, uniq_agnes
Elf:2:    nicolae_elf_blades_crystal_corner, layout_geoelf_diagonals,
          minmay_shop_grove
Elf:3:    minmay_elf_hall, layout_geoelf_diagonals, serial_shops,
          nicolae_shop_stone, grunt_megastairs_5, uniq_aizul
Vaults:1: v_misc_28, v_misc_27, ontoclasm_vaults_shuriken,
          nicolae_vaults_what_the_h, nicolae_vaults_little_squares_4,
          vaults_room_stairs_pillars, vaults_room_corners,
          nicolae_vaults_little_squares_2, vaults_dpeg_emergency_exit,
          layout_vaults_chaotic_city, serial_shops, shop
Vaults:2: hangedman_vaults_pinch, minmay_crypt_entry_simple_walls,
          vaults_room_grid, nicolae_vaults_diagonal_hallway_6,
          nicolae_vaults_bisected_slash, grunt_tower_of_power, v_misc_15,
          hangedman_vaults_cutoff, grunt_vaults_focal,
          ontoclasm_vaults_ring_large, ontoclasm_vaults_ring_small,
          vaults_mumra_lcd, ontoclasm_vaults_fault, hangedman_vaults_hat,
          nicolae_vaults_little_squares_4, ontoclasm_vaults_idyll,
          vaults_dpeg_hooks, grunt_vaults_funnel, layout_vaults_maze,
          enter_trove_5, uniq_mara, uniq_saint_roka, uniq_zenata
Vaults:3: vaults_room_door_hall, vaults_dpeg_doors, nicolae_vaults_little_ls,
          hangedman_vaults_nodes, v_misc_12, hangedman_vaults_nails,
          nicolae_vaults_hallways_thing, v_misc_9,
          nicolae_vaults_windows_and_doors_thing, v_misc_19,
          grunt_vaults_diagonal, layout_vaults_ring, uniq_jory
Vaults:4: st_spiral_rooms, vaults_mumra_minichess, ontoclasm_vaults_pinch,
          dpeg_vaults_monster_row, v_misc_2, v_pattern_1,
          nicolae_vaults_specimen_jars, nicolae_vaults_yaktaur_gun_rack,
          nicolae_vaults_twisting_passages, layout_vaults_omnibox
Vaults:5: serial_shops
Crypt:1:  cheibrodos_crypt_3hun_7po, layout_gridlike, uniq_vv
Crypt:2:  layout_rooms, mu_enter_wizlab_5, minmay_misc_feat_five,
          hangedman_blasphemy, roderic_lattice_octagonal_star
Crypt:3:  due_elkab, layout_chaotic_city, tomb_entry_simple_bobbens,
          ebering_ghost_rock_garden
Tomb:1
Tomb:2
Depths:1: layout_long_grid, grunt_hell_entry_demonic_statue, abyss_entry,
          grunt_ministairs_10, nicolae_shop_fire_sale [nicolae_sub_dead_trees],
          minmay_the_grid_square_5x5_3x3_mashed
          [minmay_the_grid_square_5x5_spiral,
          minmay_the_grid_square_5x5_minimal,
          minmay_the_grid_square_5x5_inner_i, minmay_the_grid_square_5x5_forky,
          minmay_the_grid_square_5x5_megaprize_open,
          minmay_the_grid_square_5x5_eight,
          minmay_the_grid_square_5x5_minivault,
          minmay_the_grid_square_5x5_checkered_sparse,
          minmay_the_grid_square_5x5_gyroscope]
Depths:2: cheibrodos_birdhouse, layout_basic, rand_demon_pan_entry_1,
          abyss_entry, nicolae_figureground_sparkle, hell_entry,
          minmay_st_funbox, nicolae_shop_clearance
Depths:3: minmay_firetagon, layout_twisted_cross, ashenzari_conservatory_becter,
          hell_entry, minmay_room_of_horrors, grunt_megastairs_1,
          uniq_josephina, uniq_sojobo
Depths:4: evilmike_zot_entry_basic, layout_gridlike, enter_ziggurat_d,
          hell_entry, serial_bayou, serial_bayou_pond_a, serial_bayou_pond_a,
          serial_bayou_pond_b, serial_bayou_crossing, serial_bayou_pond_c,
          serial_bayou_pond_e
Hell
Zot:1:    layout_cellular_growth, st_stairs_1, grunt_megastairs_2
Zot:2:    kennysheep_spiral_hall, layout_gridlike, zot_minivault_1, uniq_parghit
Zot:3:    hangedman_zot_vaults_quadrants, layout_concentric_octagons
Zot:4:    gammafunk_the_bubble [the_bubble_gammafunk_grid], layout_basic,
          grunt_megastairs_3

Notes
Turn   | Place    | Note
-------+----------+-------------------------------------------
     0 | D:1      | scionoferis the Vine Stalker Brigand began the quest for
                  | the Orb.
     0 | D:1      | Reached XP level 1. HP: 11/11 MP: 2/2
    60 | D:1      | Reached skill level 2 in Short Blades
   264 | D:1      | Reached skill level 2 in Fighting
   305 | D:1      | Reached XP level 2. HP: 15/15 MP: 3/3
   562 | D:1      | Reached XP level 3. HP: 18/18 MP: 4/4
   908 | D:2      | Reached skill level 3 in Short Blades
  1271 | D:2      | Gained mutation: Your natural rate of healing is unusually
                  | fast. [Vine Stalker growth]
  1271 | D:2      | Reached XP level 4. HP: 23/23 MP: 5/5
  2074 | D:4      | Found a radiant altar of Vehumet.
  2125 | D:4      | Reached XP level 5. HP: 28/28 MP: 6/6
  2272 | D:4      | Reached skill level 3 in Fighting
  2448 | D:4      | Reached skill level 4 in Short Blades
  2502 | D:4      | Identified the +8 long sword "Arbiter" {heavy, rPois rC+
                  | Will++}
  2718 | D:4      | Found Cuarchouj's Book Shoppe.
  2759 | D:4      | Noticed a water moccasin
  2784 | D:4      | Killed a water moccasin
  2785 | D:4      | Reached XP level 6. HP: 8/32 MP: 3/7
  2845 | D:4      | Reached skill level 5 in Short Blades
  3020 | D:5      | Entered Level 5 of the Dungeon
  3118 | D:5      | Reached skill level 4 in Fighting
  3138 | D:5      | Reached XP level 7. HP: 37/37 MP: 8/8
  3250 | D:5      | Found Naogogal's Self-Improvement Boutique.
  3388 | D:5      | Reached skill level 6 in Short Blades
  3821 | D:6      | Found Maedos's Weapon Shop.
  4043 | D:6      | Noticed a hornet
  4069 | D:6      | Killed a hornet
  4070 | D:6      | Reached skill level 5 in Fighting
  4070 | D:6      | Reached skill level 7 in Short Blades
  4070 | D:6      | Gained mutation: You have razor-sharp teeth. [Vine Stalker
                  | growth]
  4070 | D:6      | Reached XP level 8. HP: 40/43 MP: 9/9
  4190 | D:6      | You fall into a shaft and drop 1 floor!
  4193 | D:7      | Found a flagged portal.
  4235 | Bailey   | Entered a bailey
  4571 | Bailey   | Reached skill level 8 in Short Blades
  4724 | Bailey   | Reached skill level 6 in Fighting
  4935 | Bailey   | Reached XP level 9. HP: 48/48 MP: 10/10
  5188 | Bailey   | Reached skill level 9 in Short Blades
  5199 | Bailey   | Identified the +8 executioner's axe "Xuacvigo" {freeze,
                  | rPois}
  6062 | Bailey   | Reached skill level 7 in Fighting
  6111 | Bailey   | Reached skill level 10 in Short Blades
  6314 | Bailey   | Reached skill level 10 in Unarmed Combat
  6314 | Bailey   | Reached XP level 10. HP: 55/55 MP: 11/11
  6360 | D:7      | Found a staircase to the Ecumenical Temple.
  6383 | Temple   | Entered the Ecumenical Temple
  6473 | Temple   | Became a worshipper of Uskayaw the Reveller
  6510 | D:7      | Reached * piety under Uskayaw
  6511 | D:7      | Reached ** piety under Uskayaw
  6546 | D:7      | Reached *** piety under Uskayaw
  6627 | D:7      | Reached skill level 1 in Dodging
  6627 | D:7      | Reached skill level 5 in Stealth
  6697 | D:7      | Noticed Duvessa
  6698 | D:7      | Noticed Dowan
  6715 | D:7      | Reached skill level 1 in Armour
  6760 | D:7      | Killed Dowan
  6926 | D:7      | Reached skill level 1 in Invocations
  6943 | D:7      | Reached XP level 11. HP: 55/56 MP: 9/12
  6976 | D:7      | Identified the +9 chain mail of the Wilderness {*Corrode
                  | rPois rN++ Int+3}
  7011 | D:7      | Killed Duvessa
  7012 | D:7      | Reached skill level 2 in Armour
  7429 | D:7      | Reached **** piety under Uskayaw
  7430 | D:7      | Reached skill level 2 in Dodging
  7528 | D:7      | Reached skill level 2 in Invocations
  7902 | D:8      | Reached skill level 3 in Armour
  7911 | D:8      | Reached ***** piety under Uskayaw
  7915 | D:8      | Reached skill level 1 in Shields
  8902 | D:9      | Found a staircase to the Orcish Mines.
  8928 | D:9      | Reached skill level 3 in Invocations
  8936 | D:9      | Reached skill level 8 in Fighting
  8936 | D:9      | Reached skill level 4 in Armour
  8940 | D:9      | Reached ****** piety under Uskayaw
  8942 | D:9      | Reached skill level 2 in Shields
  8975 | D:9      | Reached skill level 3 in Dodging
  9458 | D:9      | Found a staircase to the Lair.
  9510 | D:9      | Found a sparkling altar of Nemelex Xobeh.
  9510 | D:9      | Found a broken altar of Ashenzari.
  9883 | D:10     | Entered Level 10 of the Dungeon
  9947 | D:10     | Noticed Grum
  9964 | D:10     | Killed Grum
  9986 | D:10     | Noticed Erolcha
  9999 | D:10     | Killed Erolcha
 10000 | D:10     | Reached skill level 5 in Armour
 10000 | D:10     | Reached skill level 3 in Shields
 10000 | D:10     | Reached skill level 4 in Invocations
 10084 | D:10     | Reached XP level 12. HP: 59/65 MP: 14/16
 10152 | D:10     | Noticed Maurice
 10163 | D:10     | Killed Maurice
 10235 | D:10     | Noticed a two-headed ogre
 10241 | D:10     | Killed a two-headed ogre
 10242 | D:10     | Reached skill level 4 in Dodging
 10569 | D:10     | Identified the +2 pair of gloves of Caofid {rCorr}
 10959 | D:11     | Reached skill level 4 in Shields
 10959 | D:11     | Reached skill level 5 in Invocations
 11073 | D:11     | Found a runed translucent door.
 11073 | D:11     | Identified the +3 trident of Action {freeze, rN+++}
 11075 | D:11     | Noticed Lysca's ghost (journeyman BaSu)
 11086 | D:11     | Noticed Harold
 11095 | D:11     | Killed Harold
 11233 | D:11     | Noticed a two-headed ogre
 11249 | D:11     | Killed a two-headed ogre
 11250 | D:11     | Reached skill level 9 in Fighting
 11766 | D:12     | Reached skill level 5 in Dodging
 11785 | D:12     | Reached skill level 5 in Shields
 11794 | D:12     | Reached skill level 6 in Invocations
 12026 | D:12     | Noticed a two-headed ogre
 12067 | D:12     | Reached skill level 11 in Unarmed Combat
 12117 | D:12     | Noticed a sun demon
 12381 | D:12     | Noticed a rakshasa
 12397 | D:12     | Killed a rakshasa
 12449 | D:12     | Noticed a two-headed ogre
 12449 | D:12     | Noticed an entropy weaver
 12455 | D:12     | Killed a two-headed ogre
 12456 | D:12     | Reached XP level 13. HP: 56/71 MP: 17/19
 12456 | D:12     | Killed an entropy weaver
 13002 | Lair:1   | Entered Level 1 of the Lair of Beasts
 13060 | Lair:1   | Found a frozen archway.
 13063 | Lair:1   | Reached skill level 7 in Invocations
 13083 | Lair:1   | Reached skill level 6 in Shields
 13091 | IceCv    | Entered an ice cave
 13495 | IceCv    | Noticed a reaper
 13526 | IceCv    | Killed a reaper
 13600 | IceCv    | Identified a +2 crystal plate armour of cold resistance
 14094 | Lair:1   | Reached skill level 10 in Fighting
 14498 | Lair:2   | Noticed patfeehan111222's ghost (journeyman MiBe)
 14501 | Lair:2   | Found a transporter.
 14697 | Lair:2   | Found a transporter.
 14772 | Lair:2   | Reached skill level 6 in Armour
 14796 | Lair:2   | Reached skill level 8 in Invocations
 15059 | Lair:2   | Found a staircase to the Shoals.
 15149 | Lair:2   | Found a runed translucent door.
 15161 | Lair:2   | Noticed Rupert
 15671 | Lair:3   | Found a hole to the Spider Nest.
 15940 | Lair:3   | Reached skill level 12 in Unarmed Combat
 15992 | Lair:3   | Reached skill level 7 in Shields
 16188 | Lair:4   | Reached skill level 9 in Invocations
 16469 | Lair:4   | Reached skill level 7 in Armour
 16992 | Lair:5   | Entered Level 5 of the Lair of Beasts
 17012 | Lair:5   | Reached XP level 14. HP: 70/77 MP: 18/21
 17548 | Lair:5   | Noticed Rudyous's ghost (journeyman DjFE)
 17574 | Lair:5   | Found a staircase to the Slime Pits.
 17839 | Lair:5   | Noticed a dire elephant
 17839 | Lair:5   | Noticed a dire elephant
 17839 | Lair:5   | Noticed a dire elephant
 17856 | Lair:5   | Reached skill level 10 in Invocations
 18017 | Lair:5   | Found a runed translucent gate.
 18017 | Lair:5   | Found a runed translucent gate.
 18017 | Lair:5   | Found a runed translucent gate.
 18209 | Lair:5   | Identified the +4 eveningstar of Boagurio {drain, MP+9
                  | Str+3 SInv}
 18250 | Lair:5   | Reached skill level 8 in Armour
 18364 | Lair:5   | Noticed Kirke
 18427 | Lair:5   | Killed Kirke
 19008 | Lair:5   | Reached skill level 8 in Shields
 19062 | Lair:5   | Reached skill level 1 in Evocations
 19091 | Lair:5   | Killed a dire elephant
 19102 | Lair:5   | Killed a dire elephant
 19108 | Lair:5   | Killed a dire elephant
 19292 | Lair:5   | Reached skill level 11 in Invocations
 19575 | D:11     | Killed Lysca's ghost
 19580 | D:11     | Reached skill level 2 in Evocations
 20033 | D:6      | Found a burning altar of Makhleb.
 20163 | Orc:1    | Entered Level 1 of the Orcish Mines
 20163 | Orc:1    | Identified a +1 robe of resistance
 20265 | D:9      | Reached skill level 9 in Armour
 20844 | Orc:2    | Entered Level 2 of the Orcish Mines
 20861 | Orc:1    | Reached skill level 13 in Unarmed Combat
 20865 | Orc:1    | Reached XP level 15. HP: 59/80 MP: 21/24
 20970 | Orc:2    | Reached skill level 3 in Evocations
 21116 | Orc:1    | Reached skill level 12 in Invocations
 21185 | Orc:2    | Found Dinoesae's Book Shop.
 21186 | Orc:2    | Found Ficwukh's Distillery.
 21191 | Orc:2    | Found Dise's General Store.
 21195 | Orc:2    | Found a staircase to the Elven Halls.
 21198 | Orc:2    | Bought a potion of invisibility for 112 gold pieces
 21198 | Orc:2    | Bought a potion of flight for 42 gold pieces
 21198 | Orc:2    | Bought a potion of berserk rage for 70 gold pieces
 21200 | Orc:2    | Found Paenof's Jewellery Shop.
 21505 | Orc:2    | Noticed Snorg
 21525 | Orc:2    | Killed Snorg
 21804 | Orc:1    | Noticed an orc warlord
 21830 | Orc:2    | Killed an orc warlord
 21834 | Orc:2    | Reached skill level 9 in Shields
 22009 | Lair:2   | Killed Rupert
 22198 | Lair:5   | Reached skill level 10 in Armour
 22204 | Lair:5   | Reached skill level 4 in Evocations
 22239 | Lair:5   | Killed Rudyous's ghost
 22510 | D:13     | Found Jidadaer's Antique Armour Boutique.
 22519 | D:13     | Bought a pair of embroidered boots for 157 gold pieces
 22524 | D:13     | Bought a pair of glowing boots for 157 gold pieces
 22524 | D:13     | Bought a pair of runed gloves for 157 gold pieces
 22524 | D:13     | Bought a pair of runed gloves for 157 gold pieces
 22991 | D:13     | Found a gate to the Vaults.
 23825 | D:14     | Identified 2 potions of resistance
 24123 | D:14     | Identified Roxanne's Omnibus of Teratogeny
 24123 | D:14     | Noticed Roxanne
 24167 | D:14     | Killed Roxanne
 24507 | D:15     | Entered Level 15 of the Dungeon
 24518 | D:15     | Found Neukasch's Needful Niceties.
 24576 | D:15     | Reached skill level 13 in Invocations
 24718 | D:15     | Found a shadowy altar of Dithmenos.
 25033 | D:15     | Reached skill level 5 in Evocations
 25033 | D:15     | Reached XP level 16. HP: 56/85 MP: 23/26
 25210 | D:15     | Found a staircase to the Depths.
 25843 | Lair:2   | Killed patfeehan111222's ghost
 25953 | Lair:2   | Identified the +2 ring mail of Calculation {Harm +Blink rC-
                  | rCorr}
 26059 | Orc:2    | Bought a ring of see invisible for 225 gold pieces
 26192 | Spider:1 | Entered Level 1 of the Spider Nest
 26536 | Spider:1 | Reached skill level 14 in Unarmed Combat
 26651 | Spider:1 | Noticed Donald
 26671 | Spider:1 | Killed Donald
 26891 | Spider:1 | Reached skill level 10 in Shields
 27029 | Spider:1 | Reached skill level 14 in Invocations
 27161 | Spider:1 | Reached skill level 6 in Evocations
 27232 | Spider:1 | Identified the +10 glaive of Honour {drain, *Rage Will+
                  | SInv Stlth+}
 29206 | Spider:3 | Reached skill level 7 in Evocations
 29261 | Spider:3 | Reached skill level 2 in Throwing
 29393 | Spider:3 | Reached XP level 17. HP: 74/88 MP: 25/29
 29471 | Spider:3 | Reached skill level 3 in Throwing
 29471 | Spider:3 | Reached skill level 15 in Invocations
 29623 | Spider:3 | Noticed Mlioglotl
 29630 | Spider:3 | Noticed a bone dragon
 29678 | Spider:2 | Killed Mlioglotl
 30248 | Spider:3 | Reached skill level 4 in Throwing
 30625 | Spider:4 | Entered Level 4 of the Spider Nest
 30744 | Spider:4 | Reached skill level 15 in Unarmed Combat
 30855 | Spider:4 | Reached skill level 5 in Throwing
 31091 | Spider:4 | Reached skill level 8 in Evocations
 31412 | Spider:4 | Reached skill level 6 in Throwing
 31571 | Spider:4 | Got a gossamer rune of Zot
 32351 | D:9      | Learned a level 2 spell: Wereblood
 32439 | Shoals:1 | Entered Level 1 of the Shoals
 32507 | Shoals:1 | Found a runed translucent gate.
 32507 | Shoals:1 | Found a runed translucent gate.
 32507 | Shoals:1 | Found a runed translucent gate.
 32578 | Shoals:1 | Reached skill level 1 in Transmutations
 32639 | Shoals:1 | Reached skill level 7 in Throwing
 34033 | Shoals:1 | Reached skill level 2 in Transmutations
 34033 | Shoals:1 | Reached XP level 18. HP: 15/93 MP: 4/30
 34170 | Shoals:1 | Identified the staff of cold "Etsura" {rElec rC+}
 34411 | Shoals:2 | You are sucked into a shaft and drop 1 floor!
 34458 | Shoals:2 | Reached skill level 8 in Throwing
 34579 | Shoals:2 | Reached skill level 3 in Transmutations
 34662 | Shoals:2 | Reached skill level 9 in Evocations
 34821 | Shoals:2 | Reached skill level 16 in Invocations
 35430 | Shoals:3 | Found Elamang's Weapon Shop.
 35540 | Shoals:3 | Reached skill level 4 in Transmutations
 35738 | Shoals:3 | Reached skill level 9 in Throwing
 35794 | Shoals:3 | Reached skill level 16 in Unarmed Combat
 36581 | Shoals:4 | Entered Level 4 of the Shoals
 36710 | Shoals:3 | Upgraded the game from 0.30-a0-1016-gfb0d676c02 to
                  | 0.30-a0-1018-g25214051b3
 36766 | Shoals:4 | Reached skill level 5 in Transmutations
 36836 | Shoals:4 | Got a barnacled rune of Zot
 37027 | Shoals:4 | Reached skill level 10 in Throwing
 37028 | Shoals:4 | Reached XP level 19. HP: 98/98 MP: 32/32
 37051 | Shoals:4 | Identified the +6 ring mail of Tempters {Harm Int+3}
 37147 | Shoals:4 | Identified the +1 chain mail of the Devil {Dex+6 SInv}
 37534 | Shoals:4 | Reached skill level 6 in Transmutations
 38457 | Elf:1    | Entered Level 1 of the Elven Halls
 38634 | Elf:1    | Found a radiant altar of Vehumet.
 38670 | Elf:1    | Noticed Asterion
 38704 | Elf:1    | Killed Asterion
 38945 | Elf:1    | Noticed Louise
 38964 | Elf:1    | Killed Louise
 39239 | Elf:1    | Got the Grimoire of the Mob
 39286 | Elf:1    | Found Xiodd's Antique Weapon Boutique.
 39417 | Elf:1    | Noticed Agnes
 39464 | Elf:1    | Killed Agnes
 39763 | Elf:2    | Found Laneipt's Jewellery Shoppe.
 39768 | Elf:2    | Reached skill level 7 in Transmutations
 39805 | Elf:2    | Found Uvvuivau's Book Boutique.
 39817 | Elf:2    | Found Meleudgh's Jewellery Shoppe.
 39880 | Elf:2    | Paralysed by an air elemental for 1 turns
 39902 | Elf:2    | Reached skill level 17 in Invocations
 40169 | Elf:2    | Found a runed translucent gate.
 40170 | Elf:2    | Found a runed translucent gate.
 40170 | Elf:2    | Found a runed translucent gate.
 40280 | Elf:3    | Entered Level 3 of the Elven Halls
 40450 | Elf:3    | Noticed Aizul
 40478 | Elf:3    | Killed Aizul
 40568 | Elf:3    | Reached skill level 11 in Armour
 40572 | Elf:3    | Reached skill level 17 in Unarmed Combat
 40699 | Elf:3    | Reached skill level 11 in Fighting
 40841 | Elf:3    | Reached XP level 20. HP: 81/105 MP: 25/33
 40949 | Elf:3    | Paralysed by an air elemental for 1 turns
 41015 | Elf:3    | Found Neptix's Antique Armour Boutique.
 41023 | Elf:3    | Bought a polished scale mail for 234 gold pieces
 41023 | Elf:3    | Identified the +6 scale mail of the Wasteland {Rampage rC-
                  | rN+++ Stlth+} (You bought it in a shop on level 3 of the
                  | Elven Halls)
 41242 | Elf:3    | Reached skill level 8 in Transmutations
 41410 | Elf:3    | Identified the ring of Starshine {rElec rN+ Str+3 Dex+6}
 41427 | Elf:3    | Identified the ring "Gohicad" {rCorr Dex+3}
 41598 | Elf:3    | Identified the amulet "Henkel" {Faith Dex+3}
 41747 | Elf:3    | Identified the amulet of Zacurum {Rampage rN+ Regen+}
 42311 | Elf:3    | Identified the +6 plate armour of Arcadian the Leaf {rC+}
 42509 | Elf:3    | Identified the staff of earth "Nameops" {Will- Str+8}
 42511 | Elf:3    | Identified the +0 helmet of the Hidden Vale {Regen+ Str+2}
 42530 | Elf:3    | Learned a level 5 spell: Blade Hands
 42552 | Elf:3    | Identified the +6 mace "scionoferis's Peril" {heavy, rN+
                  | Dex+2 Stlth+}
 42981 | Vaults:1 | Entered Level 1 of the Vaults
 43394 | Vaults:1 | Reached skill level 9 in Transmutations
 43502 | Vaults:1 | Found Raurch's Book Emporium.
 43511 | Vaults:1 | Bought a manual of Fighting for 1280 gold pieces
 43791 | Vaults:1 | Reached skill level 6 in Dodging
 43925 | Vaults:1 | Reached skill level 12 in Fighting
 44199 | Vaults:1 | Reached XP level 21. HP: 107/111 MP: 32/34
 44593 | Vaults:2 | Found a staircase to the Crypt.
 44615 | Vaults:2 | Noticed Saint Roka
 44616 | Vaults:2 | Noticed Mara
 44628 | Vaults:2 | Killed Saint Roka
 44630 | Vaults:2 | Killed Mara
 44631 | Vaults:2 | Reached skill level 18 in Invocations
 44651 | Vaults:2 | Reached skill level 12 in Armour
 44652 | Vaults:2 | Noticed Zenata
 44654 | Vaults:2 | Killed Zenata
 44660 | Vaults:2 | Reached skill level 7 in Dodging
 44776 | Vaults:2 | Reached skill level 6 in Stealth
 45351 | Vaults:2 | Found a portal to a secret trove of treasure.
 45508 | Vaults:2 | Reached skill level 10 in Transmutations
 45552 | Vaults:2 | Identified the +2 robe of the Zebra {Contam +Inv rPois}
 45561 | Vaults:2 | Found a radiant altar of Vehumet.
 45565 | Vaults:2 | Reached skill level 18 in Unarmed Combat
 45790 | Vaults:3 | Noticed Jory
 45858 | Vaults:3 | Reached skill level 7 in Stealth
 46035 | Vaults:3 | Reached skill level 13 in Fighting
 46157 | Vaults:3 | Reached skill level 8 in Dodging
 46234 | Vaults:3 | Killed Jory
 46597 | Vaults:3 | Reached XP level 22. HP: 118/118 MP: 36/36
 46849 | Vaults:3 | Reached skill level 8 in Stealth
 47274 | Vaults:4 | Reached skill level 14 in Fighting
 47376 | Vaults:4 | Reached skill level 9 in Dodging
 47496 | Vaults:4 | Identified the +0 arbalest of Anxiety {freeze, *Slow rElec
                  | rF- Will+++}
 48192 | D:13     | Upgraded the game from 0.30-a0-1018-g25214051b3 to
                  | 0.30-a0-1035-g38d5fb2972
 48264 | Crypt:1  | Entered Level 1 of the Crypt
 48269 | Crypt:1  | Noticed Vv
 48284 | Crypt:1  | Killed Vv
 48326 | Crypt:1  | Reached skill level 9 in Stealth
 48538 | Crypt:2  | Reached skill level 11 in Transmutations
 48559 | Crypt:2  | Found the +8 Wrath of Trog {antimagic, *Rage Rampage}
 48662 | Crypt:2  | Noticed a profane servitor
 48683 | Crypt:2  | Killed a profane servitor
 48694 | Crypt:2  | Reached skill level 15 in Fighting
 48739 | Crypt:2  | Reached XP level 23. HP: 126/126 MP: 37/37
 48748 | Crypt:2  | Found a magical portal.
 48764 | WizLab   | Entered Maxwell's Workshop
 48874 | WizLab   | Identified the ring of Lyili {Fire Int+3 Dex-3}
 49178 | WizLab   | Reached skill level 10 in Dodging
 49179 | WizLab   | Noticed an electric golem
 49207 | WizLab   | Killed an electric golem
 49260 | WizLab   | Identified the -1 barding of the Salamander {Dex+9}
 49264 | WizLab   | Identified the ring of Scepticism {rPois rC+ Str-3 Dex+3
                  | Stlth+}
 49456 | Crypt:1  | Reached skill level 10 in Stealth
 49510 | Crypt:1  | Reached skill level 13 in Armour
 49953 | Crypt:1  | Found a huge runed translucent gate.
 49954 | Crypt:1  | Found a huge runed translucent gate.
 49955 | Crypt:1  | Found a huge runed translucent gate.
 49955 | Crypt:1  | Found a huge runed translucent gate.
 49955 | Crypt:1  | Found a huge runed translucent gate.
 49955 | Crypt:1  | Found a huge runed translucent gate.
 49956 | Crypt:1  | Found a huge runed translucent gate.
 49956 | Crypt:1  | Found a huge runed translucent gate.
 49956 | Crypt:1  | Found a huge runed translucent gate.
 50009 | Crypt:1  | Reached skill level 16 in Fighting
 50091 | Crypt:1  | Identified the +7 sling of Elaodiac {heavy, rN+ Str+5
                  | Int-2}
 50557 | Crypt:2  | Found a basalt altar of Yredelemnul.
 50691 | Crypt:3  | Entered Level 3 of the Crypt
 50742 | Crypt:3  | Reached skill level 19 in Invocations
 50844 | Crypt:3  | Noticed a curse skull
 50848 | Crypt:3  | Killed a curse skull
 50943 | Crypt:3  | Found a runed translucent gate.
 50943 | Crypt:3  | Found a runed translucent gate.
 50943 | Crypt:3  | Found a runed translucent gate.
 51370 | Crypt:3  | Identified the +10 glaive "Vyaqiute" {heavy, Int+5}
 51620 | Crypt:3  | Reached skill level 19 in Unarmed Combat
 51650 | Crypt:3  | Reached skill level 11 in Dodging
 51702 | Crypt:3  | Got Gloorx Vloq's Octavo of the Undead
 51931 | Crypt:3  | Identified the +0 scale mail "Samashre" {Drain MP+9 Dex+2
                  | Stlth+}
 52042 | Crypt:3  | Reached skill level 12 in Transmutations
 52384 | Crypt:3  | Found a staircase to the Tomb.
 52498 | Crypt:3  | Noticed Hyrrirob's ghost (veteran GrEE)
 52567 | Crypt:3  | Killed Hyrrirob's ghost
 52862 | Depths:1 | Entered Level 1 of the Depths
 52885 | Depths:1 | Reached XP level 24. HP: 101/135 MP: 37/37
 52967 | Depths:1 | Found Nattajeq's Fire Supplies.
 53005 | Depths:1 | Reached skill level 1 in Spellcasting
 53271 | Depths:1 | Reached skill level 2 in Spellcasting
 53280 | Depths:1 | You fall into a shaft and drop 1 floor!
 53290 | Depths:2 | Found a one-way gate to the infinite horrors of the Abyss.
 53370 | Depths:2 | Found a one-way gate leading to the halls of Pandemonium.
 53834 | Depths:1 | Reached skill level 3 in Spellcasting
 53842 | Depths:1 | Found a gateway to Hell.
 53926 | Depths:1 | Reached skill level 17 in Fighting
 54770 | Depths:2 | Found a runed translucent door.
 54770 | Depths:2 | Noticed a caustic shrike
 54774 | Depths:2 | Identified the +4 spear of Domination {drain, Str+3}
 54937 | Depths:2 | Found Bestrosacs's CLEARANCE SALE!.
 55335 | Depths:3 | Identified the ring "Adurghywn" {Ice Contam rN+ rCorr
                  | Str+3}
 55335 | Depths:3 | Noticed Josephina
 55348 | Depths:3 | Killed Josephina
 55458 | Depths:3 | Reached skill level 12 in Dodging
 55672 | Depths:3 | Noticed Sojobo
 55693 | Depths:3 | Killed Sojobo
 55752 | Depths:3 | Reached skill level 4 in Spellcasting
 55810 | Depths:3 | Found a broken altar of Ashenzari.
 56259 | Depths:4 | Entered Level 4 of the Depths
 56308 | Depths:4 | Reached XP level 25. HP: 140/140 MP: 37/37
 56347 | Depths:4 | Identified the +1 hat of the Game Afoot {Contam Str+5}
 56557 | Depths:4 | Noticed a juggernaut
 56572 | Depths:4 | Killed a juggernaut
 56781 | Depths:4 | Reached skill level 13 in Transmutations
 56848 | Depths:4 | Found a gate to the Realm of Zot.
 57068 | Depths:4 | Reached skill level 5 in Spellcasting
 57070 | Depths:4 | Found a one-way gateway to a ziggurat.
 57631 | D:15     | Bought a manual of Necromancy for 1120 gold pieces
 57638 | D:15     | Learned a level 4 spell: Animate Dead
 58877 | Slime:1  | Entered Level 1 of the Pits of Slime
 58898 | Slime:1  | Reached skill level 14 in Armour
 58909 | Slime:1  | Gained mutation: Your body sometimes deteriorates upon
                  | taking damage. [a shining eye]
 58923 | Slime:1  | Reached skill level 1 in Necromancy
 59023 | Slime:1  | Reached skill level 2 in Necromancy
 59245 | Slime:1  | You fall into a shaft and drop 1 floor!
 59539 | Slime:2  | Reached skill level 3 in Necromancy
 59817 | Slime:3  | Gained mutation: You are frail. (-10% HP) [a shining eye]
 59819 | Slime:3  | Gained mutation: You have hidden genetic defects. [a
                  | shining eye]
 60000 | D:9      | Lost mutation: Your body sometimes deteriorates upon taking
                  | damage. [potion of mutation]
 60000 | D:9      | Lost mutation: You have hidden genetic defects. [potion of
                  | mutation]
 60000 | D:9      | Gained mutation: Your muscles are strong. (Str +4, Int/Dex
                  | -1) [potion of mutation]
 60000 | D:9      | Lost mutation: Your muscles are strong. (Str +4, Int/Dex
                  | -1) [potion of mutation]
 60343 | Slime:3  | Reached skill level 4 in Necromancy
 60464 | Slime:4  | Noticed Dissolution
 60471 | Slime:4  | Killed Dissolution
 60533 | Slime:4  | Reached skill level 5 in Necromancy
 60551 | Slime:4  | Reached skill level 13 in Dodging
 60968 | Slime:3  | Reached skill level 18 in Fighting
 60994 | Slime:4  | Reached skill level 6 in Necromancy
 60994 | Slime:4  | Reached skill level 20 in Invocations
 61328 | Slime:4  | Upgraded the game from 0.30-a0-1035-g38d5fb2972 to
                  | 0.30-a0-1043-g60ff8d5f49
 62699 | Slime:5  | Entered Level 5 of the Pits of Slime
 62978 | Slime:5  | Reached skill level 7 in Necromancy
 63056 | Slime:5  | Gained mutation: Your spells are a little easier to cast,
                  | but a little less powerful. [a shining eye]
 63061 | Slime:5  | Gained mutation: You sometimes lose your temper in combat.
                  | [a shining eye]
 63064 | Slime:5  | Lost mutation: You are frail. (-10% HP) [potion of
                  | mutation]
 63064 | Slime:5  | Lost mutation: You sometimes lose your temper in combat.
                  | [potion of mutation]
 63064 | Slime:5  | Gained mutation: You are resistant to electric shocks.
                  | (rElec) [potion of mutation]
 63064 | Slime:5  | Gained mutation: You passively map a small area around you.
                  | [potion of mutation]
 63120 | Slime:5  | Reached XP level 26. HP: 139/147 MP: 37/38
 63127 | Slime:5  | Found a viscous altar of Jiyva.
 63128 | Slime:5  | Noticed the Royal Jelly
 63133 | Slime:5  | Killed the Royal Jelly
 63228 | Slime:5  | Got a slimy rune of Zot
 63242 | Slime:5  | Identified the +4 broad axe of Vaklextu {heavy, Int+2
                  | Dex+4}
 63248 | Slime:5  | Identified the +0 great sword "Apsuiter" {venom, Dex+5}
 63253 | Slime:5  | Identified a scroll of acquirement
 63267 | Slime:5  | Identified the +0 leather armour "Xenikyro" {*Corrode rF+
                  | Regen+ Str+6}
 63277 | Slime:5  | Identified the +0 kite shield of the Wheelwright {rPois}
 63656 | Slime:5  | Identified the ring of Gysiowoj {Ice rCorr}
 63679 | Slime:5  | Identified the staff of poison "Qeuneib" {rPois rF+}
 63690 | Slime:5  | Identified the +1 robe "Hymuzir" {rElec Str+3}
 64540 | Depths:2 | Killed a caustic shrike
 64541 | Depths:2 | Reached skill level 8 in Necromancy
 65061 | Vaults:5 | Entered Level 5 of the Vaults
 65072 | Vaults:5 | Reached skill level 20 in Unarmed Combat
 65083 | Vaults:5 | Reached skill level 9 in Necromancy
 65096 | Vaults:5 | Reached skill level 6 in Spellcasting
 65161 | Vaults:5 | Reached skill level 10 in Necromancy
 65213 | Vaults:5 | Found Defidiec's Distillery.
 65361 | Vaults:5 | Noticed an ancient lich
 65367 | Vaults:5 | Killed an ancient lich
 65371 | Vaults:5 | Reached skill level 14 in Dodging
 65479 | Vaults:5 | Reached skill level 14 in Transmutations
 65533 | Vaults:5 | Found Zoibot's Distillery.
 65556 | Vaults:5 | Reached skill level 11 in Necromancy
 65595 | Vaults:5 | Found Dastrut's Distillery.
 65791 | Vaults:5 | Identified the +9 morningstar of Homotz {spect, rCorr Str+3
                  | Int+3}
 65802 | Vaults:5 | Found Xahalit's Assorted Antiques.
 65810 | Vaults:5 | Reached skill level 7 in Spellcasting
 66114 | Vaults:5 | Got a silver rune of Zot
 66117 | Vaults:5 | Found Ryuqass's Distillery.
 66118 | Vaults:5 | Found Vucvat's Jewellery Shoppe.
 66166 | Vaults:5 | Noticed a dread lich
 66177 | Vaults:5 | Killed a dread lich
 66178 | Vaults:5 | Reached skill level 19 in Fighting
 66210 | Vaults:5 | Reached skill level 12 in Necromancy
 66396 | Vaults:5 | Learned a level 8 spell: Necromutation
 66445 | Vaults:5 | Bought a potion of mutation for 120 gold pieces
 66514 | Vaults:5 | Bought the ring of the Mage {Wiz Archmagi} for 663 gold
                  | pieces
 66514 | Vaults:5 | Found the ring of the Mage {Wiz Archmagi}
 66528 | Vaults:5 | Acquired a manual of Stealth
 66573 | Vaults:5 | Learned a level 6 spell: Death Channel
 67364 | Vaults:2 | You paid a toll of +4 storm dragon scales to enter a
                  | treasure trove
 67365 | Trove    | Entered a treasure trove
 67383 | Trove    | Identified the staff of poison "Enius" {rPois rC- rCorr
                  | Dex+2 Stlth+}
 67855 | Zot:1    | Entered Level 1 of the Realm of Zot
 67864 | Zot:1    | Reached XP level 27. HP: 149/154 MP: 38/38
 68281 | Zot:1    | Noticed an electric golem
 68303 | Zot:1    | Killed an electric golem
 68715 | Zot:2    | You fall into a shaft and drop 1 floor!
 68715 | Zot:3    | Noticed a curse toe
 68723 | Zot:3    | Killed a curse toe
 68743 | Zot:3    | Reached skill level 11 in Stealth
 68920 | Zot:3    | Reached skill level 13 in Necromancy
 68924 | Zot:3    | Reached skill level 15 in Armour
 68979 | Zot:3    | Reached skill level 8 in Spellcasting
 69050 | Zot:3    | Noticed an electric golem
 69071 | Zot:3    | Reached skill level 15 in Dodging
 69077 | Zot:3    | Killed an electric golem
 69078 | Zot:3    | Reached skill level 12 in Stealth
 69337 | Zot:2    | Noticed Parghit
 69350 | Zot:2    | Killed Parghit
 69740 | Zot:2    | Reached skill level 13 in Stealth
 70512 | Zot:3    | Reached skill level 14 in Necromancy
 70657 | Zot:3    | Identified the +8 hand axe of Maull {freeze, Dex+4}
 70793 | Zot:3    | Noticed an orb of fire
 70799 | Zot:3    | Killed an orb of fire
 70800 | Zot:3    | Reached skill level 15 in Transmutations
 70824 | Zot:3    | Noticed a curse toe
 70829 | Zot:3    | Killed a curse toe
 70830 | Zot:3    | Reached skill level 20 in Fighting
 71679 | Elf:2    | Reached skill level 9 in Spellcasting
 71762 | Elf:2    | Reached skill level 14 in Stealth
 72715 | Zot:4    | Found a transporter.
 72715 | Zot:4    | Noticed an orb of fire
 72716 | Zot:4    | Noticed a curse toe
 72753 | Zot:4    | Found a transporter.
 72797 | Zot:4    | Noticed a curse toe
 72813 | Zot:4    | Killed a curse toe
 72931 | Zot:4    | Reached skill level 15 in Necromancy
 72964 | Zot:4    | Noticed a curse toe
 72966 | Zot:4    | Killed a curse toe
 72967 | Zot:4    | Reached skill level 15 in Stealth
 72974 | Zot:4    | HP: 9/156 [green draconian monk (11)]
 73809 | Zot:4    | Killed a curse toe
 73815 | Zot:4    | Reached skill level 10 in Spellcasting
 73836 | Zot:4    | Killed an orb of fire
 73855 | Zot:4    | Reached skill level 16 in Necromancy
 73898 | Zot:4    | Reached skill level 16 in Transmutations
 73927 | Zot:4    | Identified the ring of Louroah {rN+ AC+4 Dex+3}
 73944 | Zot:4    | Identified the +1 hat of the Land of Plenty {Rampage
                  | *Corrode Fly Regen+}
 75333 | Hell     | Entered the Vestibule of Hell
 75347 | Hell     | Noticed Geryon
 75353 | Hell     | Killed Geryon
 75381 | Hell     | HP: 13/156 [barbs]
 75468 | Hell     | You are cast into the Abyss!
 75468 | Abyss:3  | Cast into level 3 of the Abyss (hell knight)
 75469 | Abyss:3  | Found a corrupted altar of Lugonu.
 75540 | Abyss:3  | Found a stormy altar of Qazlal.
 75554 | Abyss:3  | Found a corrupted altar of Lugonu.
 75554 | Abyss:3  | Found a corrupted altar of Lugonu.
 75554 | Abyss:3  | Found a stormy altar of Qazlal.
 75554 | Abyss:3  | Found a corrupted altar of Lugonu.
 75554 | Abyss:3  | Found a stormy altar of Qazlal.
 75721 | Abyss:3  | Reached skill level 17 in Necromancy
 75835 | Hell     | You pass through the gate.
 75835 | Hell     | Escaped the Abyss
 75873 | Depths:1 | Reached skill level 17 in Transmutations
 75979 | Hell     | Found a gateway to the ashen valley of Gehenna.
 76070 | Hell     | Found a gateway to the freezing wastes of Cocytus.
 76159 | Hell     | Found a gateway to the decaying netherworld of Tartarus.
 76189 | Hell     | Found a gateway to the Iron City of Dis.
 76859 | Depths:1 | Voluntarily entered the Abyss.
 77238 | Abyss:3  | Found a corrupted altar of Lugonu.
 77256 | Abyss:3  | Gained mutation: Your magical capacity is low. (-10% MP) [a
                  | cacodemon]
 77418 | Abyss:3  | Reached skill level 18 in Necromancy
 77706 | Abyss:4  | Found a corrupted altar of Lugonu.
 77778 | Abyss:4  | Reached skill level 18 in Transmutations
 77891 | Abyss:5  | Found a corrupted altar of Lugonu.
 78023 | Abyss:5  | Got an abyssal rune of Zot
 78077 | Depths:1 | You pass through the gate.
 78077 | Depths:1 | Escaped the Abyss
 78456 | Tomb:1   | Entered Level 1 of the Tomb of the Ancients
 78973 | Tomb:1   | Noticed a royal mummy
 78974 | Tomb:1   | Noticed a royal mummy
 78988 | Tomb:1   | Killed a royal mummy
 78991 | Tomb:1   | Reached skill level 19 in Necromancy
 78998 | Tomb:1   | Killed a royal mummy
 79805 | D:15     | Learned a level 1 spell: Apportation
 79808 | D:15     | Learned a level 2 spell: Passwall
 80116 | D:4      | Bought Maxwell's Memoranda for 418 gold pieces
 80121 | D:4      | Learned a level 3 spell: Vhi's Electric Charge
 80491 | Depths:1 | Voluntarily entered the Abyss.
 80491 | Abyss:5  | Found an opulent altar of Gozag.
 80570 | Abyss:5  | Reached skill level 19 in Transmutations
 80608 | Abyss:5  | Reached skill level 1 in Air Magic
 80635 | Abyss:5  | Reached skill level 1 in Translocations
 80813 | Abyss:5  | Reached skill level 16 in Armour
 80955 | Abyss:5  | Reached skill level 2 in Translocations
 80956 | Abyss:5  | Reached skill level 2 in Air Magic
 81262 | Abyss:5  | Reached skill level 3 in Air Magic
 81276 | Abyss:5  | Found a radiant altar of Vehumet.
 81306 | Abyss:5  | Reached skill level 3 in Translocations
 81484 | Depths:1 | You pass through the gate.
 81484 | Depths:1 | Escaped the Abyss
 81533 | Depths:1 | Voluntarily entered the Abyss.
 81533 | Abyss:5  | Found a corrupted altar of Lugonu.
 81563 | Abyss:5  | Found a shimmering altar of Xom.
 81706 | Abyss:5  | Reached skill level 4 in Air Magic
 81770 | Abyss:5  | Reached skill level 4 in Translocations
 81780 | Abyss:5  | Reached skill level 20 in Necromancy
 81796 | Abyss:5  | Reached skill level 11 in Spellcasting
 81810 | Abyss:5  | Found a corrupted altar of Lugonu.
 81986 | Abyss:5  | Found a corrupted altar of Lugonu.
 82071 | Abyss:5  | Found a corrupted altar of Lugonu.
 82121 | Abyss:5  | Reached skill level 20 in Transmutations
 82121 | Abyss:5  | Found a corrupted altar of Lugonu.
 82132 | Abyss:5  | Noticed a dread lich
 82141 | Abyss:5  | Killed a dread lich
 82294 | Abyss:5  | Reached skill level 5 in Air Magic
 82320 | Abyss:5  | Reached skill level 5 in Translocations
 82360 | Abyss:6  | Found a corrupted altar of Lugonu.
 82367 | Abyss:6  | Reached skill level 17 in Armour
 82425 | Depths:1 | You pass through the gate.
 82425 | Depths:1 | Escaped the Abyss
 82722 | Orc:2    | Bought the ring of Circularity {Wiz Will- Int+3 Dex+6 SInv}
                  | for 838 gold pieces
 82734 | Orc:2    | Bought a potion of invisibility for 112 gold pieces
 82734 | Orc:2    | Bought 2 potions of haste for 280 gold pieces
 83035 | Vaults:5 | Bought a potion of might for 68 gold pieces
 83035 | Vaults:5 | Bought a potion of invisibility for 136 gold pieces
 83050 | Vaults:5 | Bought a potion of cancellation for 136 gold pieces
 83050 | Vaults:5 | Bought a potion of invisibility for 136 gold pieces
 83050 | Vaults:5 | Bought a potion of haste for 170 gold pieces
 83050 | Vaults:5 | Bought a potion of invisibility for 136 gold pieces
 83050 | Vaults:5 | Bought a potion of might for 68 gold pieces
 83069 | Vaults:5 | Bought a potion of cancellation for 120 gold pieces
 83808 | Tomb:2   | Noticed a royal mummy
 83808 | Tomb:2   | Noticed a royal mummy
 83819 | Tomb:2   | Killed a royal mummy
 83842 | Tomb:2   | Noticed a royal mummy
 83865 | Tomb:2   | Noticed a royal mummy
 83871 | Tomb:1   | Noticed a royal mummy
 83872 | Tomb:1   | Noticed a royal mummy
 83872 | Tomb:1   | Noticed a royal mummy
 83874 | Tomb:1   | Noticed a royal mummy
 83879 | Tomb:1   | Killed a royal mummy
 83898 | Tomb:1   | Noticed a royal mummy
 83900 | Tomb:1   | Noticed a royal mummy
 83902 | Tomb:1   | Noticed a royal mummy
 83909 | Tomb:1   | Killed a royal mummy
 83916 | Tomb:1   | Noticed a royal mummy
 83935 | Tomb:1   | Killed a royal mummy
 83935 | Tomb:1   | Killed a royal mummy
 83935 | Tomb:1   | Killed a royal mummy
 83936 | Tomb:1   | Killed a royal mummy
 83944 | Tomb:1   | Killed a royal mummy
 83948 | Tomb:1   | Killed a royal mummy
 83958 | Tomb:1   | Noticed a royal mummy
 83970 | Tomb:1   | Killed a royal mummy
 84017 | Tomb:1   | Noticed a royal mummy
 84028 | Tomb:1   | Killed a royal mummy
 84051 | Tomb:1   | Noticed a royal mummy
 84062 | Tomb:1   | Killed a royal mummy
 84088 | Tomb:1   | Noticed a royal mummy
 84097 | Tomb:1   | Killed a royal mummy
 84151 | Tomb:1   | Noticed a royal mummy
 84154 | Tomb:1   | Noticed a royal mummy
 84160 | Tomb:1   | Killed a royal mummy
 84164 | Tomb:1   | Killed a royal mummy
 84165 | Tomb:1   | Reached skill level 12 in Spellcasting
 84165 | Tomb:1   | Reached skill level 21 in Necromancy
 84173 | Tomb:1   | Noticed a royal mummy
 84175 | Tomb:1   | Noticed a royal mummy
 84177 | Tomb:1   | Identified the +9 short sword of the Kissing Visionary
                  | {flame, rPois Str+4}
 84177 | Tomb:1   | Noticed a royal mummy
 84178 | Tomb:1   | Noticed a royal mummy
 84180 | Tomb:1   | Noticed a royal mummy
 84181 | Tomb:1   | Killed a royal mummy
 84182 | Tomb:1   | Killed a royal mummy
 84182 | Tomb:1   | Noticed a royal mummy
 84190 | Tomb:1   | Killed a royal mummy
 84194 | Tomb:1   | Killed a royal mummy
 84197 | Tomb:1   | Killed a royal mummy
 84198 | Tomb:1   | Killed a royal mummy
 84419 | Tomb:2   | Reached skill level 21 in Transmutations
 84429 | Tomb:2   | Killed a royal mummy
 84444 | Tomb:2   | Killed a royal mummy
 84448 | Tomb:2   | HP: 15/154 [death scarab[a royal mummy] (3)]
 84449 | Tomb:2   | HP: 1/154 [royal mummy/divine providence (8)]
 84450 | Tomb:2   | Succumbed to an ushabti's dark miasma

Vanquished Creatures
  the Royal Jelly (Slime:5)
  Dissolution (Slime:4)
  2 dread liches (Vaults:5 Abyss:5)
  An ancient lich (Vaults:5)
  Mara (Vaults:2)
  2 orbs of fire (Zot:3 Zot:4)
  A juggernaut (Depths:4)
  25 royal mummies (Tomb:1 Tomb:2)
  Sojobo (Depths:3)
  Josephina (Depths:3)
  Parghit (Zot:2)
  3 Killer Klowns (Zot:3 Zot:4)
  Vv (Crypt:1)
  Saint Roka (Vaults:2)
  5 curse toes (Zot:3 Zot:4)
  A caustic shrike (Depths:2)
  Geryon (Hell)
  Jory (Vaults:3)
  8 golden dragons (Depths:1 Zot:2 Zot:4)
  The ghost of Hyrrirob the Devastator, a veteran GrEE of Lugonu (Crypt:3)
  5 profane servitors (Crypt:2 Abyss:5)
  3 bone dragons (Abyss:4 Abyss:5)
  3 electric golems (WizLab Zot:1 Zot:3)
  2 hellephants (Depths:3 Abyss:4)
  A doom hound (Hell)
  A shard shrike zombie (Crypt:3)
  20 tentacled monstrosities (Vaults:5 Zot:1 Zot:3 Zot:2 Zot:4)
  Zenata (Vaults:2)
  A Hell Sentinel (Abyss:5)
  A walking earthen tome (Abyss:5)
  Rupert (Lair:2)
  11 liches (Vaults:2 Crypt:2 Depths:3 Depths:2 Vaults:5)
  Mlioglotl (Spider:2)
  3 deep elf blademasters (Elf:3)
  Asterion (Elf:1)
  5 deep elf master archers (Elf:3)
  5 titans (Depths:2 Vaults:5)
  A walking divine tome (Depths:4)
  22 acid blobs (Slime:1 Slime:2 Slime:3 Slime:4 Slime:5)
  12 quicksilver dragons (Vaults:5 Zot:1 Zot:2 Zot:3 Zot:4)
  28 tentacled starspawn (Abyss:3 Abyss:4 Abyss:5 Abyss:6)
  7 ancient champions (Crypt:1 Crypt:3 Tomb:2)
  11 death cobs (Zot:1 Zot:3 Zot:2 Zot:4)
  12 tengu reavers (Vaults:2 Depths:1 Depths:2 Depths:3 Vaults:5)
  11 sphinxes (Vaults:4 Crypt:3 Depths:1 Vaults:5 Zot:3)
  4 Executioners (Abyss:4 Abyss:5 Tomb:1)
  Donald (Spider:1)
  Agnes (Elf:1)
  Kirke (Lair:5)
  7 draconian knights (Zot:1 Zot:3 Zot:2 Zot:4)
  19 storm dragons (Depths:4 Vaults:5 Zot:1 Zot:3 Zot:2)
  11 shadow dragons (Vaults:4 Depths:3 Depths:2 Vaults:5 Zot:1)
  5 draconian monks (Zot:3 Zot:2 Zot:4)
  2 revenants (Crypt:2 Abyss:5)
  10 azure jellies (Slime:3 Slime:4 Slime:2 Slime:5)
  2 daevas (Abyss:5)
  8 deep elf sorcerers (Elf:3 Vaults:5)
  Roxanne (D:14)
  14 fire giants (WizLab Depths:1 Depths:3 Depths:4 Depths:2)
  12 rockslimes (Slime:1 Slime:3 Slime:4 Slime:2 Slime:5)
  3 emperor scorpions (Spider:1 Spider:4)
  2 iron dragons (Vaults:5)
  Aizul (Elf:3)
  6 draconian shifters (Depths:4 Zot:1 Zot:2 Zot:4 Abyss:6)
  16 vault wardens (Vaults:1 Vaults:2 Vaults:3 Vaults:4 Vaults:5)
  3 balrugs (Depths:1 Hell)
  15 frost giants (Shoals:1 Shoals:4 WizLab Depths:1 Depths:2)
  Louise (Elf:1)
  5 ghost moths (Spider:4 Zot:2 Zot:4)
  5 draconian scorchers (Zot:1 Zot:2)
  A caustic shrike zombie (Hell)
  A curse skull (Crypt:3)
  A juggernaut zombie (Crypt:1)
  A spriggan defender (Depths:2)
  3 draconian annihilators (Zot:1 Zot:3)
  8 reapers (IceCv Crypt:2 Crypt:3 Depths:1 Hell)
  4 orc warlords (Orc:2 Vaults:1 Vaults:4)
  2 angels (WizLab Abyss:5)
  5 war gargoyles (WizLab Hell)
  4 cacodemons (Depths:2 Depths:1 Abyss:3)
  6 deep elf elementalists (Elf:3 Abyss:4)
  4 ghouls (Vaults:2 Crypt:1 Abyss:5)
  17 ironbound preservers (Vaults:1 Vaults:2 Vaults:3 Vaults:4 Vaults:5)
  18 quicksilver oozes (Slime:1 Slime:3 Slime:4 Slime:5)
  2 draconian stormcallers (Zot:2 Abyss:5)
  A broodmother (Spider:4)
  9 ironbound thunderhulks (Vaults:2 Vaults:3 Vaults:4 WizLab)
  2 caustic shrike skeletons (Crypt:2 Tomb:1)
  16 stone giants (D:15 Shoals:2 Depths:1 Depths:3 Depths:4)
  The ghost of patfeehan111222 the Severer, a journeyman MiBe of Trog (Lair:2)
  10 very ugly things (Depths:1 Depths:4 Vaults:5 Abyss:4 Abyss:5)
  8 green draconians (Zot:1 Zot:3 Zot:2 Zot:4)
  3 deep elf demonologists (Elf:3 Vaults:5)
  18 vampire knights (Vaults:2 Crypt:1 Crypt:2 Crypt:3 Depths:4)
  9 red draconians (Depths:4 Zot:1 Zot:3 Zot:4 Abyss:3)
  12 black draconians (Depths:4 Zot:1 Zot:3 Zot:2 Zot:4)
  A juggernaut skeleton (Crypt:2)
  7 purple draconians (Zot:1 Zot:3 Zot:2 Zot:4)
  2 white draconians (Depths:4 Zot:2)
  A bunyip (Abyss:5)
  8 yellow draconians (Depths:4 Zot:3 Zot:2 Zot:4 Abyss:5)
  6 bennus (Tomb:1 Tomb:2)
  The ghost of Rudyous the Nimble, a journeyman DjFE of Cheibriados (Lair:5)
  82 starcursed masses (Abyss:3 Abyss:4 Abyss:5 Abyss:6)
  19 dire elephants (Lair:5 Vaults:1 Vaults:2 Vaults:3 Vaults:4)
  8 deep elf annihilators (Elf:3 Vaults:5)
  3 eidola (Crypt:2 Crypt:3)
  13 spark wasps (Spider:1 Spider:3 Spider:4 Depths:1 Depths:3)
  8 blizzard demons (Hell Abyss:4 Abyss:5)
  9 deep elf death magi (Elf:3 Vaults:2 Crypt:2 Crypt:1 Crypt:3)
  10 ettins (Vaults:4 WizLab Depths:1 Depths:2 Depths:4)
  6 green deaths (Abyss:5 Abyss:6)
  6 merfolk javelineers (Shoals:2 Shoals:4)
  2 crystal guardians (WizLab)
  Snorg (Orc:2)
  2 pearl dragon zombies (Crypt:2)
  8 deep elf high priests (Elf:1 Elf:3 Vaults:5 Zot:3)
  12 mummy priests (Tomb:1 Tomb:2)
  12 fire dragons (Depths:1 Depths:3 Depths:4 Zot:3)
  An entropy weaver (shapeshifter) (D:12)
  25 jiangshi (Crypt:2 Crypt:1 Crypt:3 Depths:1)
  4 entropy weavers (Spider:1 Spider:3 Vaults:3)
  19 yaktaur captains (Vaults:1 Vaults:2 Vaults:3 Vaults:4 Vaults:5)
  3 spriggan zombies (Crypt:3 Abyss:5)
  A quicksilver dragon zombie (Abyss:5)
  2 kraken zombies (Hell)
  11 great orbs of eyes (Vaults:1 Vaults:2 Vaults:3 Vaults:4 Slime:4)
  9 merfolk impalers (Shoals:2 Shoals:3 Shoals:4 Depths:4 Abyss:5)
  Harold (D:11)
  A fenstrider witch zombie (Tomb:1)
  4 rakshasas (D:12 Abyss:3 Abyss:5)
  5 peacekeepers (WizLab)
  Erolcha (D:10)
  2 caustic shrike simulacra (Depths:3)
  3 salamander tyrants (Depths:3)
  29 vault guards (Vaults:1 Vaults:2 Vaults:5)
  6 ogre magi (Orc:1 Orc:2 Vaults:5)
  A ghost crab (Spider:1)
  4 hydras (Lair:2 Lair:5)
  13 ice dragons (Depths:1 Depths:2 Depths:3 Depths:4 Zot:3)
  17 centaur warriors (Shoals:3 Vaults:1 Vaults:2 Vaults:3)
  2 jorogumos (Spider:4)
  2 spriggan air magi (Depths:2)
  2 hell beasts (Depths:1)
  An alligator snapping turtle (Shoals:3)
  6 ironbound frosthearts (Vaults:1 Vaults:3 Vaults:4)
  A catoblepas (Lair:4)
  3 death knights (Crypt:2 Abyss:5)
  A spriggan skeleton (Crypt:2)
  16 two-headed ogres (D:10 D:11 D:12 Orc:2 Orc:1)
  8 merfolk avatars (Shoals:1 Shoals:2 Shoals:4)
  4 radroaches (Spider:2)
  4 deep troll earth magi (Depths:1 Depths:2 Depths:4)
  The ghost of Lysca the Summoner, a journeyman BaSu of Ashenzari (D:11)
  32 dancing weapons (Elf:1 Elf:2 Elf:3 Crypt:3 Abyss:4)
  5 merfolk aquamancers (Shoals:1 Shoals:2 Shoals:4)
  A naga warrior (Abyss:5)
  4 boulder beetles (D:15 Spider:2 Spider:3 Vaults:2)
  5 deep troll shamans (Depths:1 Depths:4)
  2 satyrs (Shoals:4)
  A death yak (Lair:5)
  9 hell hogs (Crypt:2 Abyss:3 Abyss:5 Abyss:6)
  4 spriggan berserkers (Depths:2 Depths:3 Depths:4)
  13 death scarabs (Tomb:1 Tomb:2)
  2 titan zombies (Crypt:2 Crypt:3)
  14 vampire magi (Crypt:2 Crypt:1 Crypt:3 Depths:1 Abyss:5)
  11 tengu warriors (D:15 Depths:1 Depths:2 Depths:4)
  34 thrashing horrors (Abyss:3 Abyss:5 Depths:1 Abyss:6)
  An orc high priest (Orc:2)
  9 soul eaters (Depths:1 Hell)
  3 sun moths (Spider:3 Spider:4)
  27 hell knights (Depths:1 Hell)
  10 sixfirhies (Depths:1 Abyss:5)
  6 storm dragon zombies (Crypt:3)
  4 spatial maelstroms (Abyss:5)
  19 deep elf knights (Elf:1 Elf:2 Elf:3)
  7 iron trolls (D:15 Depths:1 Depths:2 Depths:4)
  30 wretched stars (Abyss:3 Abyss:4 Abyss:5)
  12 sun demons (Depths:2 Depths:1 Hell Abyss:3 Abyss:5)
  6 skysharks (Lair:4 Lair:5 Shoals:1)
  A golden dragon zombie (Crypt:3)
  4 spectral death yaks (Lair:5)
  3 shadow wraiths (Crypt:2 Vaults:5 Abyss:5)
  An iron troll (shapeshifter) (Vaults:5)
  11 sea snakes (Shoals:1 Shoals:2 Shoals:3 Shoals:4)
  9 pharaoh ants (Spider:2 Spider:3 Spider:4)
  25 skeletal warriors (Crypt:1 Crypt:2 Crypt:3 Abyss:5 Tomb:1)
  50 deep trolls (Orc:1 Vaults:1 Vaults:2 Vaults:3 Vaults:4)
  A spectral anaconda (Lair:5)
  A ghost moth zombie (Crypt:3)
  6 glowing orange brains (Depths:1 Depths:3 Slime:2 Abyss:3 Abyss:6)
  5 flayed ghosts (Crypt:2 Depths:4 Abyss:3 Abyss:5)
  2 obsidian statues (Lair:5 Depths:1)
  A quicksilver dragon simulacrum (Abyss:5)
  9 steelbarb worms (Spider:1 Spider:2 Spider:3)
  19 phantasmal warriors (Crypt:1 Crypt:2 Crypt:3 Vaults:5 Abyss:5)
  10 wizards (D:13 Vaults:2 Vaults:3 Vaults:4 Depths:1)
  12 lindwurms (Vaults:1 Vaults:4)
  38 harpies (Shoals:2 Shoals:3 Shoals:4 Vaults:2 Vaults:4)
  A kraken simulacrum (Shoals:1)
  8 orb spiders (Spider:1 Spider:2 Spider:4)
  20 deep elf archers (Elf:1 Elf:2 Elf:3)
  37 deep elf zephyrmancers (Elf:1 Elf:2 Elf:3)
  5 anaconda skeletons (Hell Abyss:4 Tomb:1)
  A bunyip skeleton (Abyss:3)
  A harpy (shapeshifter) (Vaults:4)
  16 necromancers (Lair:5 D:13 Vaults:2 Vaults:4 Crypt:2)
  11 ironbound convokers (Vaults:1 Vaults:2 Vaults:3 Vaults:4 Vaults:5)
  A mana viper (Abyss:5)
  8 orc knights (Orc:1 Vaults:1 Vaults:4 Vaults:5)
  23 deep elf pyromancers (D:15 Elf:1 Elf:2 Elf:3)
  A human zombie (Crypt:2)
  A jorogumo zombie (Crypt:1)
  23 wolf spiders (Spider:1 Spider:2 Spider:3 Spider:4)
  A salamander (WizLab)
  3 orc sorcerers (D:9 Orc:1)
  A broodmother zombie (Crypt:3)
  A manticore (shapeshifter) (Elf:2)
  8 fauns (Shoals:1 Shoals:3)
  An iron dragon skeleton (Crypt:2)
  9 shining eyes (Slime:1 Slime:3 Slime:4 Slime:5)
  35 moths of wrath (Spider:3 Spider:4 Zot:1 Zot:3 Zot:2)
  2 will-o-the-wisps (Abyss:3 Abyss:5)
  25 ugly things (D:11 D:13 D:15 Vaults:2 Vaults:3)
  13 manticores (D:12 Shoals:1 Shoals:3 Shoals:4)
  15 cyclopes (D:11 D:9 Orc:2 D:13 D:14)
  3 ice statues (IceCv Hell)
  A cyclops (shapeshifter) (Depths:4)
  35 smoke demons (Depths:1 Abyss:3 Hell Abyss:4 Abyss:5)
  4 worldbinders (Abyss:3 Abyss:5)
  A water nymph (shapeshifter) (Depths:1)
  6 elephants (Lair:5)
  7 black mambas (Lair:1 Lair:5 Lair:2)
  A frost giant skeleton (Crypt:2)
  3 toenail golems (Abyss:3 Abyss:5)
  3 apocalypse crabs (Abyss:4 Abyss:5)
  Maurice (D:10)
  4 guardian serpents (Abyss:3 Abyss:5)
  3 rust devils (Hell Depths:1)
  4 naga magi (Vaults:2 Abyss:5)
  3 water nymphs (Shoals:3 Shoals:4)
  15 merfolk sirens (Lair:2 Shoals:1 Shoals:2 Shoals:3 Shoals:4)
  22 vault sentinels (Vaults:1 Vaults:2 Vaults:3 Vaults:4 Vaults:5)
  A shock serpent zombie (Crypt:2)
  2 titan simulacra (Hell Abyss:4)
  5 eyes of devastation (Slime:1 Slime:4 Slime:5 Abyss:3)
  10 cane toads (Lair:1 Lair:2 Lair:4 Lair:5)
  7 demonic crawlers (Spider:3 Spider:4 Abyss:5)
  4 apis skeletons (Crypt:2)
  2 torpor snails (Spider:1 Spider:4)
  2 dire elephant skeletons (Lair:5)
  3 naga skeletons (Crypt:2 Abyss:4 Abyss:5)
  2 orange demons (Abyss:4 Abyss:5)
  An unseen horror (Depths:3)
  4 gargoyles (WizLab)
  3 hellions (Depths:1 Abyss:5)
  7 molten gargoyles (WizLab Hell)
  A bunyip simulacrum (Tomb:2)
  46 yaktaurs (Vaults:1 Vaults:2 Vaults:3 Vaults:4 Vaults:5)
  A rime drake (Lair:2)
  3 tormentors (Depths:1 Abyss:4 Abyss:5)
  6 efreet (Abyss:3 Abyss:5)
  7 freezing wraiths (Crypt:2 Crypt:1 Vaults:5 Abyss:3 Abyss:4)
  3 kobold demonologists (D:11 D:12)
  2 spark wasp simulacra (Depths:3)
  9 tengu conjurers (D:13 Vaults:2 Depths:1 Depths:2 Depths:4)
  5 komodo dragons (D:12 Lair:2 Lair:3)
  18 ancient zymes (Abyss:3 Abyss:5 Abyss:6)
  4 ice devils (IceCv Depths:1)
  15 guardian mummies (Crypt:3 Tomb:1 Tomb:2)
  15 trolls (D:10 D:11 Orc:2 Orc:1 D:13)
  A silent spectre (Abyss:5)
  A red devil (Hell)
  3 hellwings (Depths:2 Abyss:5 Abyss:6)
  4 hydra zombies (Crypt:3 Hell)
  A yellow draconian skeleton (Crypt:3)
  4 meliai (Lair:3 D:13)
  3 harpy zombies (Crypt:3)
  26 tarantellas (Spider:1 Spider:2 Spider:3 Spider:4)
  A polar bear (Lair:3)
  9 hornets (D:6 D:11 Spider:4 Depths:2)
  50 raiju (Abyss:3 Abyss:4 Abyss:5)
  32 merfolk (Shoals:1 Shoals:2 Shoals:3 Shoals:4)
  7 wind drakes (Shoals:1 Shoals:2 Shoals:3 Shoals:4)
  An ettin zombie (Crypt:3)
  A dream sheep (shapeshifter) (Vaults:5)
  5 dream sheep (Lair:5 Lair:2)
  A harpy skeleton (Crypt:2)
  8 blink frogs (Lair:1 Abyss:5)
  2 spectral elephants (Lair:5)
  2 hydra skeletons (Hell)
  5 tyrant leeches (Spider:1)
  12 snapping turtles (Shoals:1 Shoals:2 Shoals:3 Shoals:4)
  16 jumping spiders (Spider:1 Spider:2 Spider:3 Spider:4)
  2 guardian serpent skeletons (Crypt:2)
  A raiju (shapeshifter) (Abyss:5)
  31 flying skulls (Crypt:1 Abyss:3 Tomb:1 Abyss:5 Tomb:2)
  121 slime creatures (D:12 D:14 Vaults:3 Vaults:4 Slime:1)
  2 shadows (D:11 Abyss:3)
  31 culicivoras (Spider:1 Spider:2 Spider:3 Spider:4)
  A wind drake zombie (Crypt:1)
  7 spriggans (Lair:3 D:11 Depths:2)
  27 water elementals (Shoals:1 Shoals:2 Shoals:3 Shoals:4 Elf:2)
  20 vampires (D:10 D:14 Crypt:3)
  2 air elementals (Elf:2 Elf:3)
  9 wraiths (D:10 D:11 D:13 Crypt:2 Crypt:3)
  44 yaks (D:8 D:9 D:12 Lair:1 Lair:2)
  12 ynoxinuls (Depths:2 Abyss:3 Abyss:4 Abyss:5)
  3 hogs (Lair:5)
  22 golden eyes (Slime:4 Slime:5 Abyss:5)
  2 alligator snapping turtle simulacra (Shoals:1)
  9 ushabtiu (Tomb:1 Tomb:2)
  5 wyverns (D:9 Lair:2 Lair:3 Lair:5)
  A black mamba skeleton (Tomb:1)
  6 basilisks (Lair:2 Lair:4 Lair:5 D:14)
  20 neqoxecs (Depths:1 Abyss:4 Abyss:5)
  A human (Lair:2)
  11 chaos spawn (Depths:2 Depths:3 Abyss:3 Abyss:4 Abyss:5)
  5 death yak simulacra (IceCv Lair:5 Shoals:1)
  6 fire elementals (Elf:1 Elf:2 WizLab)
  A steam dragon (D:10)
  8 vampire mosquitoes (D:15 Spider:1)
  Grum (D:10)
  41 redbacks (Spider:1 Spider:2 Spider:3 Spider:4 Vaults:3)
  11 spatial vortices (Abyss:3 Abyss:5)
  4 harpy simulacra (IceCv Crypt:2 Abyss:3 Tomb:2)
  64 large abominations (Depths:3 Abyss:3 Abyss:4 Abyss:5 Abyss:6)
  An entropy weaver zombie (Crypt:3)
  6 wargs (D:9 Orc:2 Vaults:5)
  3 nagas (Abyss:5)
  A spectral cane toad (Lair:5)
  A merfolk zombie (Crypt:1)
  3 acid dragons (D:9 D:11)
  4 hell hounds (Hell)
  Duvessa (D:7)
  4 hydra simulacra (IceCv Hell Abyss:4)
  13 water moccasins (D:4 Lair:1 Lair:2 Lair:3 Lair:4)
  2 hornet zombies (D:7)
  31 orc warriors (D:6 Bailey D:7 D:8 D:11)
  A water nymph skeleton (Crypt:2)
  2 satyr simulacra (Shoals:1)
  An ice beast (D:7)
  4 black bears (D:5 Lair:3 D:11)
  A lindwurm zombie (Crypt:2)
  2 sky beasts (D:7 D:8)
  4 boggarts (D:12)
  2 elephant zombies (Lair:5)
  13 wolves (D:10 Lair:2 Lair:3 Lair:5 Lair:4)
  22 ogres (D:11 Orc:1 Orc:2 Vaults:5)
  A tengu (shapeshifter) (Vaults:5)
  12 centaurs (Bailey D:8)
  An elephant skeleton (Lair:5)
  7 kobold brigands (D:10 D:12)
  9 bullfrogs (D:9 Lair:1 Lair:2 Lair:3 Lair:4)
  6 earth elementals (Elf:2 Elf:3 WizLab)
  An elf zombie (Crypt:2)
  A wyvern zombie (D:7)
  3 necrophages (Crypt:1)
  2 gnoll sergeants (D:7 D:12)
  A merfolk simulacrum (Shoals:1)
  27 small abominations (Depths:3 Abyss:3 Abyss:4 Abyss:5)
  2 two-headed ogre simulacra (IceCv)
  4 scorpions (D:5 D:6 D:7)
  3 faun simulacra (Shoals:1)
  7 cane toad simulacra (IceCv Lair:5)
  27 wights (D:7 D:8 D:9)
  A salamander skeleton (Crypt:1)
  4 killer bees (Lair:3)
  Dowan (D:7)
  3 manticore simulacra (Shoals:1)
  A polar bear zombie (Crypt:3)
  2 elephant simulacra (IceCv Lair:5)
  2 snapping turtle simulacra (Shoals:1)
  4 howler monkeys (D:7 D:9)
  3 electric eels (Lair:1 Spider:1 Spider:4)
  A wolf zombie (Crypt:1)
  A centaur zombie (D:7)
  A hound (D:5)
  4 jellies (D:7 Lair:5)
  2 gnoll boudas (D:5 Orc:1)
  19 orc priests (D:5 D:7 D:8 D:11 D:9)
  3 cyclops simulacra (Shoals:1)
  2 sleepcaps (D:8 D:6)
  An iguana (D:7)
  13 orc wizards (D:4 D:5 D:6 D:7 D:10)
  A basilisk skeleton (Crypt:1)
  4 troll simulacra (IceCv)
  2 lightning spires (WizLab)
  8 spriggan simulacra (IceCv Abyss:5)
  A boggart skeleton (Crypt:3)
  2 wolf simulacra (IceCv)
  A killer bee zombie (D:7)
  A naga zombie (Crypt:1)
  2 centaur simulacra (Shoals:1)
  32 mummies (Tomb:1 Tomb:2)
  A howler monkey zombie (D:7)
  A howler monkey skeleton (Crypt:3)
  6 adders (D:2 D:3 D:4 D:5)
  17 gnolls (D:1 D:5 D:7 D:12 Orc:1)
  7 naga simulacra (IceCv)
  A shadow imp (D:6)
  25 white imps (D:6 D:7 Lair:1 IceCv Abyss:4)
  8 ufetubi (D:4 D:5 IceCv Abyss:3)
  A worm zombie (Crypt:3)
  2 worms (D:2 D:5)
  4 dart slugs (D:1 D:2 D:5)
  111 orcs (D:3 D:4 D:5 D:6 D:7)
  8 ball pythons (D:1 D:2 D:4)
  10 endoplasms (D:1 D:2 D:3 Lair:5)
  4 giant cockroaches (D:1 D:3 D:4)
  14 hobgoblins (D:1 D:2 D:3 D:4 D:7)
  8 jackals (D:2 D:3 D:4)
  A quokka (D:2)
  5 bats (D:1 D:2)
  3 frilled lizards (D:1 D:2)
  8 goblins (D:2 D:4)
  A jackal zombie (Crypt:2)
  18 kobolds (D:2 D:4 D:10 D:12)
  An orc zombie (Crypt:1)
  A quokka zombie (Crypt:3)
  2 rats (D:2 D:3)
  2 lurking horrors (Abyss:3 Abyss:5)
  14 starspawn tentacles (Abyss:3 Abyss:4 Abyss:5 Abyss:6)
  3 tentacles (Hell)
3414 creatures vanquished.

Vanquished Creatures (collateral kills)
  A golden dragon (Vaults:5)
  A lich (Tomb:1)
  A war gargoyle (Vaults:5)
  A lorocyproca (Hell)
  A vault guard (Vaults:5)
  2 two-headed ogres (Vaults:5)
  2 death scarabs (Tomb:1)
  A hell knight (Hell)
  An ironbound convoker (Vaults:5)
  A dire elephant zombie (Hell)
  A guardian mummy (Tomb:1)
  An ushabti (Tomb:1)
  A worm (shapeshifter) (Vaults:5)
15 creatures vanquished.

Vanquished Creatures (others)
  A draconian knight (Zot:2)
  A jiangshi (Crypt:2)
  A vault guard (Vaults:5)
  A storm dragon zombie (Vaults:5)
  3 deep elf knights (Elf:1 Elf:2)
  A fire giant zombie (Vaults:5)
  3 stone giant zombies (Vaults:5)
  5 death scarab zombies (Tomb:1)
  5 deep elf zephyrmancers (Elf:1 Elf:2 Elf:3)
  An unseen horror (Abyss:5)
  21 human zombies (Vaults:5)
  A blink frog (Abyss:5)
  A tyrant leech (Spider:1)
  A fire giant simulacrum (Depths:3)
  An elf zombie (Vaults:5)
  2 golden eyes (Slime:5 Abyss:6)
  An orc warrior (Bailey)
  2 orcs (Orc:1)
  9 demonic plants (Abyss:3 Abyss:5)
  22 fungi (Lair:2 Lair:5 Shoals:2)
  2 lurking horrors (Abyss:3 Abyss:5)
  70 plants (D:4 D:11 Lair:3 Lair:5 Shoals:2)
  52 starspawn tentacles (Abyss:3 Abyss:4 Abyss:5 Abyss:6)
  6 tentacles (Shoals:1 Hell)
  40 withered plants (D:7 Lair:5)
253 creatures vanquished.

Grand Total: 3682 creatures vanquished

Table legend: (Time is in decaauts)
 A = Elapsed time spent in this place.
 B = Non-inter-level travel time spent in this place.
 C = Inter-level travel time spent in this place.
 D = Time resting spent in this place.
 E = Time spent auto-exploring this place.
 F = Levels seen in this place.
 G = Mean time per level.
                   A        B        C        D        E       F      G
               +--------+--------+--------+--------+--------+-----+--------+
         Total |  80579 |  61481 |  19098 |   4476 |  32514 |  69 | 1167.8 |
       Dungeon |  20997 |  13833 |   7164 |    442 |   9798 |  15 | 1399.8 |
        Temple |    102 |     66 |     36 |      0 |     56 |   1 |  102.0 |
          Lair |   8751 |   5061 |   3690 |    406 |   3029 |   5 | 1750.2 |
        Shoals |   4707 |   4338 |    369 |    475 |   1935 |   4 | 1176.8 |
   Spider Nest |   5300 |   4622 |    678 |    178 |   2918 |   4 | 1325.0 |
    Slime Pits |   3154 |   2720 |    434 |    173 |   1465 |   5 |  630.8 |
  Orcish Mines |   1667 |   1275 |    392 |     95 |    718 |   2 |  833.5 |
   Elven Halls |   4452 |   3720 |    732 |    714 |   1540 |   3 | 1484.0 |
        Vaults |   8223 |   6003 |   2220 |    404 |   3751 |   5 | 1644.6 |
         Crypt |   3591 |   2971 |    620 |    210 |   1388 |   3 | 1197.0 |
          Tomb |   1758 |   1543 |    215 |    198 |    210 |   2 |  879.0 |
        Depths |   6310 |   4316 |   1994 |    237 |   2426 |   4 | 1577.5 |
          Hell |    500 |    478 |     22 |      0 |    224 |   1 |  500.0 |
           Zot |   4750 |   4220 |    530 |    418 |   2604 |   4 | 1187.5 |
         Abyss |   3010 |   3010 |      0 |    119 |    228 |   7 |  430.0 |
         Trove |    109 |    109 |      0 |      0 |      2 |   1 |  109.0 |
        Bailey |   1992 |   1992 |      0 |    315 |     75 |   1 | 1992.0 |
      Ice Cave |    616 |    616 |      0 |      0 |    128 |   1 |  616.0 |
        Wizlab |    582 |    582 |      0 |     89 |     15 |   1 |  582.0 |
               +--------+--------+--------+--------+--------+-----+--------+

Top non-repeatable levels by time:
    D:15: 3117 daAuts
     D:9: 2396 daAuts
  Lair:5: 2284 daAuts
Depths:1: 2258 daAuts
  Lair:2: 2209 daAuts
Vaults:2: 2088 daAuts
  Lair:1: 2025 daAuts
    D:11: 2019 daAuts
Vaults:1: 1996 daAuts
  Bailey: 1992 daAuts
 Crypt:3: 1869 daAuts
    D:12: 1720 daAuts
   Elf:3: 1709 daAuts
 Abyss:5: 1662 daAuts
  Tomb:1: 1662 daAuts

Table legend:
 A = Non-vault XP
 B = Vault XP
 C = Vault XP percentage of total XP
 D = Non-vault monster count
 E = Vault monster count
 F = Vault count percentage of total count
                 A         B        C        D         E       F
            +---------+---------+-------+---------+---------+-------
      Total | 1135080 |  913944 |  44.6 |    2170 |    1221 |  36.0
            +---------+---------+-------+---------+---------+-------
        D:1 |      38 |       0 |   0.0 |      14 |       0 |   0.0
        D:2 |      57 |       0 |   0.0 |      22 |       0 |   0.0
        D:3 |      55 |       0 |   0.0 |      15 |       0 |   0.0
        D:4 |     330 |      20 |   5.7 |      27 |      10 |  27.0
        D:5 |     499 |       0 |   0.0 |      25 |       0 |   0.0
        D:6 |     791 |       0 |   0.0 |      12 |       0 |   0.0
        D:7 |    1492 |    1355 |  47.6 |      30 |      22 |  42.3
        D:8 |    2160 |       0 |   0.0 |      24 |       0 |   0.0
        D:9 |    6011 |       0 |   0.0 |      38 |       0 |   0.0
       D:10 |    2025 |    1723 |  46.0 |      22 |       5 |  18.5
       D:11 |    3829 |    4253 |  52.6 |      11 |      33 |  75.0
       D:12 |    9256 |       0 |   0.0 |      39 |       0 |   0.0
       D:13 |    3407 |    2564 |  42.9 |      13 |       5 |  27.8
       D:14 |    2514 |    1301 |  34.1 |       6 |       1 |  14.3
       D:15 |    7391 |    3447 |  31.8 |      14 |       4 |  22.2
     Lair:1 |    2575 |     120 |   4.5 |      11 |      12 |  52.2
     Lair:2 |    4954 |    6429 |  56.5 |      22 |      11 |  33.3
     Lair:3 |    1751 |    1535 |  46.7 |       9 |      11 |  55.0
     Lair:4 |    3786 |       0 |   0.0 |      11 |       0 |   0.0
     Lair:5 |    7521 |   20840 |  73.5 |      25 |      49 |  66.2
   Shoals:1 |   12817 |    6895 |  35.0 |      30 |      26 |  46.4
   Shoals:2 |   18456 |    4249 |  18.7 |      37 |       7 |  15.9
   Shoals:3 |   25001 |       0 |   0.0 |      49 |       0 |   0.0
   Shoals:4 |   16552 |   16909 |  50.5 |      31 |      29 |  48.3
   Spider:1 |   14383 |    4950 |  25.6 |      32 |      14 |  30.4
   Spider:2 |   20697 |    1704 |   7.6 |      49 |       1 |   2.0
   Spider:3 |   14795 |     289 |   1.9 |      34 |       1 |   2.9
   Spider:4 |   19971 |   17527 |  46.7 |      52 |      36 |  40.9
    Slime:1 |   12094 |       0 |   0.0 |      22 |       0 |   0.0
    Slime:2 |   12143 |       0 |   0.0 |      19 |       0 |   0.0
    Slime:3 |   17651 |       0 |   0.0 |      35 |       0 |   0.0
    Slime:4 |    9648 |   19202 |  66.6 |      21 |      13 |  38.2
    Slime:5 |   14448 |   25626 |  63.9 |      41 |      18 |  30.5
      Orc:1 |    3007 |    4415 |  59.5 |      25 |      13 |  34.2
      Orc:2 |    3532 |   11372 |  76.3 |      26 |      25 |  49.0
      Elf:1 |   18427 |   13491 |  42.3 |      29 |      18 |  38.3
      Elf:2 |   15240 |   23801 |  61.0 |      31 |      32 |  50.8
      Elf:3 |   25507 |   36486 |  58.9 |      37 |      31 |  45.6
   Vaults:1 |   31172 |   18757 |  37.6 |      42 |      29 |  40.8
   Vaults:2 |   31284 |   29054 |  48.2 |      42 |      35 |  45.5
   Vaults:3 |   21495 |   25603 |  54.4 |      31 |      39 |  55.7
   Vaults:4 |   18383 |   33370 |  64.5 |      29 |      44 |  60.3
   Vaults:5 |   18756 |  110945 |  85.5 |      32 |     100 |  75.8
    Crypt:1 |   31379 |   12589 |  28.6 |      52 |      11 |  17.5
    Crypt:2 |   33778 |    9320 |  21.6 |      49 |      11 |  18.3
    Crypt:3 |   14892 |   44751 |  75.0 |      25 |      68 |  73.1
     Tomb:1 |   11359 |  105266 |  90.3 |      29 |      72 |  71.3
     Tomb:2 |    9915 |   23854 |  70.6 |      19 |      24 |  55.8
   Depths:1 |   39628 |   40495 |  50.5 |      50 |      48 |  49.0
   Depths:2 |   11604 |   23329 |  66.8 |      16 |      23 |  59.0
   Depths:3 |   13685 |   26509 |  66.0 |      14 |      34 |  70.8
   Depths:4 |   35320 |   11168 |  24.0 |      41 |      11 |  21.2
       Hell |   31571 |   19687 |  38.4 |      44 |      28 |  38.9
      Zot:1 |   40622 |    3662 |   8.3 |      37 |       3 |   7.5
      Zot:2 |   23951 |   23793 |  49.8 |      20 |      18 |  47.4
      Zot:3 |   39962 |   38331 |  49.0 |      28 |      31 |  52.5
      Zot:4 |   38698 |   41493 |  51.7 |      28 |      26 |  48.1
    Abyss:3 |   49216 |    1583 |   3.1 |      90 |       1 |   1.1
    Abyss:4 |   22252 |    1654 |   6.9 |      45 |       2 |   4.3
    Abyss:5 |  213966 |    7126 |   3.2 |     391 |      12 |   3.0
    Abyss:6 |   17381 |       0 |   0.0 |      26 |       0 |   0.0
     Bailey |       0 |    2475 | 100.0 |       0 |      40 | 100.0
      IceCv |       0 |    4201 | 100.0 |       0 |      51 | 100.0
     WizLab |       0 |   24426 | 100.0 |       0 |      33 | 100.0
            +---------+---------+-------+---------+---------+-------
